 Seeded DCSS version 0.25-a0-860-gf695395 (webtiles) character file.

Game seed: 5087006423249966728, levelgen mode: deterministic

19110480 Shadowblade the Conqueror (level 27, 249/249 HPs)
             Began as a Barachi Fighter on Apr 27, 2020.
             Was the Champion of the Shining One.
             Escaped with the Orb
             ... and 15 runes!
             The game lasted 06:31:34 (80651 turns).

Shadowblade the Conqueror (Barachi Fighter)        Turns: 80651, Time: 06:31:34

Health: 249/249    AC: 56    Str: 25    XL:     27
Magic:  38/38      EV: 35    Int: 18    God:    the Shining One [******]
Gold:   13634      SH: 14    Dex: 37    Spells: 44/48 levels left

rFire    + + +     SeeInvis +   g - +7 broad axe (holy)
rCold    + + .     Gourm    +   I - +0 buckler "Qutrozyr" {+Inv Slay+5}
rNeg     + + +     Faith    .   a - +14 crystal plate armour of Lyg Kakk {rF+++ Slay+2 SInv Stlth-}
rPois    +         Spirit   .   Y - +0 hat of Eternal Vigilance {*Drain rPois Int+6 Slay+5}
rElec    +         Reflect  .   F - +2 cloak "Notiem" {rElec rC+ Dex+2}
rCorr    .         Harm     .   c - +0 pair of fencer's gloves {Riposte Dex+3}
MR       +++..     Rnd*Tele +   d - +0 pair of boots "Fuxkikhlu" {Regen+ Str+2 Dex+7}
Stlth    ..........             z - amulet "Vaosh" {Gourm *Drain Dex+5 Slay+3}
HPRegen  0.91/turn              P - ring of Vowna {rPois rF- AC+3 Dex+4 Slay+6}
MPRegen  0.26/turn              E - ring of Hedonism {rC+ MR+ EV+4}

@: glowing, slow
A: +LOS, swims, talons 1, blurry vision 2, fire resistance 1, mutation
resistance 1, screaming 1, slowness 1, teleportitis 1, strong legs 2
0: Orb of Zot
}: 15/15 runes: serpentine, barnacled, slimy, silver, golden, iron, obsidian,
icy, bone, abyssal, demonic, glowing, magical, fiery, dark
a: Hop, Divine Shield, Cleansing Flame, Summon Divine Warrior, Renounce
Religion, Evoke Invisibility


You escaped.
You worshipped the Shining One.
The Shining One was exalted by your worship.
You were full.

You visited 18 branches of the dungeon, and saw 90 of its levels.
You visited Pandemonium 2 times, and saw 17 of its levels.
You visited the Abyss 3 times.
You visited 1 bazaar.
You also visited: Trove, Sewer, Bailey and Wizlab.

You collected 18149 gold pieces.
You spent 4515 gold pieces at shops.

Inventory:

Hand Weapons
 g - a +7 broad axe of holy wrath (weapon)
Missiles
 s - 107 boomerangs (quivered)
 M - 18 javelins
 R - 4 silver javelins
Armour
 a - the +14 crystal plate armour of Lyg Kakk (worn) {rF+++ Slay+2 SInv Stlth-}
   (You found it in a treasure trove)

   It affects your accuracy and damage with ranged weapons and melee attacks
   (+2).
   It renders you almost immune to fire.
   It lets you see invisible.
   It makes you less stealthy.
 c - the +0 pair of fencer's gloves (worn) {Riposte Dex+3}
   (Okawaru gifted it to you on level 3 of the Lair of Beasts)

   It affects your dexterity (+3).
 d - the +0 pair of boots "Fuxkikhlu" (worn) {Regen+ Str+2 Dex+7}
   (You found it in a treasure trove)

   It affects your strength (+2).
   It affects your dexterity (+7).
   It increases your rate of regeneration.
 h - the +2 hood of the Assassin {Detection Stab+ Stlth++}
   (You found it in a treasure trove)

   It makes you much more stealthy.
 i - a +8 tower shield of protection
 D - the +7 buckler "Honoax" {rC+ rN+}
   (Okawaru gifted it to you on level 2 of the Orcish Mines)

   It protects you from cold.
   It protects you from negative energy.
 F - the +2 cloak "Notiem" (worn) {rElec rC+ Dex+2}
   (You found it on level 11 of the Dungeon)

   It affects your dexterity (+2).
   It protects you from cold.
   It insulates you from electricity.
 H - the +5 crystal plate armour of Grot {rF+ rC++ Str+4}
   (You acquired it on level 4 of the Depths)

   It affects your strength (+4).
   It protects you from fire.
   It greatly protects you from cold.
 I - the +0 buckler "Qutrozyr" (worn) {+Inv Slay+5}
   (Okawaru gifted it to you on level 5 of the Realm of Zot)

   It affects your accuracy and damage with ranged weapons and melee attacks
   (+5).
   It lets you turn invisible.
 S - the cursed +0 pair of gloves of Shielding {rC+ Regen+ Dex+4}
   (You took it off Nikola on level 1 of the Vaults)

   It affects your dexterity (+4).
   It protects you from cold.
   It increases your rate of regeneration.
   It has a curse placed upon it.
 Y - the +0 hat of Eternal Vigilance (worn) {*Drain rPois Int+6 Slay+5}
   (You found it on level 5 of the Vaults)

   It affects your intelligence (+6).
   It affects your accuracy and damage with ranged weapons and melee attacks
   (+5).
   It protects you from poison.
   It causes draining when unequipped.
Jewellery
 o - the ring "Gelak" {rElec rF+ MR+}
   (You took it off Jory on level 2 of the Crypt)

   [ring of protection from magic]

   It protects you from fire.
   It insulates you from electricity.
   It affects your resistance to hostile enchantments.
 y - an uncursed ring of resist corrosion
 z - the amulet "Vaosh" (around neck) {Gourm *Drain Dex+5 Slay+3}
   (You found it on level 4 of the Depths)

   [amulet of the gourmand]

   It allows you to eat raw meat even when not hungry.
   It affects your dexterity (+5).
   It affects your accuracy and damage with ranged weapons and melee attacks
   (+3).
   It causes draining when unequipped.
 E - the ring of Hedonism (right hand) {rC+ MR+ EV+4}
   (You found it on level 4 of the Depths)

   [ring of evasion]

   It affects your evasion (+4).
   It protects you from cold.
   It affects your resistance to hostile enchantments.
 G - the ring "Lieciojy" {rC++ Str+4 SInv}
   (You found it on level 5 of the Vaults)

   [ring of see invisible]

   It affects your strength (+4).
   It greatly protects you from cold.
   It lets you see invisible.
 P - the ring of Vowna (left hand) {rPois rF- AC+3 Dex+4 Slay+6}
   (You acquired it on level 4 of the Depths)

   [ring of protection]

   It affects your AC (+3).
   It affects your dexterity (+4).
   It affects your accuracy and damage with ranged weapons and melee attacks
   (+6).
   It makes you vulnerable to fire.
   It protects you from poison.
 U - the amulet of Pride {RegenMP Dex+3 Slay+2}
   (You took it off a balrug on level 7 of Gehenna)

   [amulet of magic regeneration]

   It increases your magic regeneration.
   It affects your dexterity (+3).
   It affects your accuracy and damage with ranged weapons and melee attacks
   (+2).
 W - the ring of Nisaint {Fire rN+ Int+4}
   (You found it on level 7 of the Iron City of Dis)

   [ring of fire]

   It enhances your fire magic.
   It affects your intelligence (+4).
   It protects you from fire.
   It makes you vulnerable to cold.
   It protects you from negative energy.
 Z - an uncursed amulet of faith
Wands
 m - a wand of digging (10)
 u - a wand of clouds (12)
 B - a wand of acid (16)
 J - a wand of iceblast (64)
Scrolls
 b - 42 scrolls of remove curse
 e - 35 scrolls of teleportation
 k - 6 scrolls of magic mapping
 n - 14 scrolls of fog
 p - 11 scrolls of identify
 r - 8 scrolls of blinking
 v - 16 scrolls of fear
 N - 6 scrolls of holy word
 V - 4 scrolls of amnesia
Potions
 l - 14 potions of stabbing
 q - 5 potions of berserk rage
 t - 8 potions of brilliance
 w - 2 potions of cancellation
 x - 25 potions of curing
 A - 11 potions of heal wounds
 C - 8 potions of magic
 K - 5 potions of mutation
 L - a potion of ambrosia
 O - 8 potions of might
 Q - 15 potions of flight
 T - 3 potions of resistance
 X - a potion of haste
Miscellaneous
 j - a phial of floods
Comestibles
 f - 79 rations


   Skills:
 O Level 27 Fighting
 O Level 27 Axes
   Level 4.2(19.0) Maces & Flails
 O Level 27 Throwing
 O Level 27 Armour
 O Level 27 Dodging
 - Level 24.8 Shields
 - Level 11.3 Spellcasting
 - Level 6.6 Charms
 - Level 7.2 Translocations
 + Level 22.6 Invocations
 - Level 6.0 Evocations


You had 44 spell levels left.
You knew the following spells:

 Your Spells              Type           Power        Failure   Level  Hunger
a - Blink                 Tloc           N/A          3%          2    None
b - Song of Slaying       Chrm           ####....     4%          2    None

Your spell library contained the following spells:

 Spells                   Type           Power        Failure   Level  Hunger
 Apportation              Tloc           #####.       2%          1    None
 Infusion                 Chrm           ####         3%          1    None
 Shroud of Golubria       Chrm/Tloc      #####.       4%          2    None
 Gell's Gravitas          Tloc           #####.....   8%          3    None
 Lesser Beckoning         Tloc           #####.....   8%          3    None
 Swiftness                Chrm/Air       ###.....     19%         2    None
 Portal Projectile        Hex/Tloc       ###...       32%         3    None
 Recall                   Summ/Tloc      N/A          32%         3    None
 Ozocubu's Armour         Chrm/Ice       ###.....     36%         3    None
 Spectral Weapon          Hex/Chrm       ###.....     36%         3    None
 Animate Skeleton         Necr           N/A          45%         1    None
 Beastly Appendage        Tmut           ##....       45%         1    None
 Corona                   Hex            ##.....      45%         1    None
 Foxfire                  Conj/Fire      ##..         45%         1    None
 Freeze                   Ice            ##..         45%         1    None
 Magic Dart               Conj           ##..         45%         1    None
 Sandblast                Erth           ##....       45%         1    None
 Shock                    Conj/Air       ##..         45%         1    None
 Sting                    Tmut/Pois      ##..         45%         1    None
 Summon Butterflies       Summ           ##......     45%         1    None
 Summon Small Mammal      Summ           ##..         45%         1    None
 Call Imp                 Summ           ##......     58%         2    None
 Corpse Rot               Necr/Air       N/A          58%         2    None
 Ensorcelled Hibernation  Hex/Ice        ##....       58%         2    None
 Passwall                 Tmut/Erth      ##......     58%         2    None
 Poisonous Vapours        Pois/Air       ##....       58%         2    None
 Searing Ray              Conj           ##....       58%         2    None
 Slow                     Hex            ##......     58%         2    None
 Sticks to Snakes         Tmut           ##......     58%         2    None
 Sublimation of Blood     Necr           ##........   58%         2    None
 Iskenderun's Mystic Bla  Conj/Tloc      ###.....     73%         4    ##.....
 Call Canine Familiar     Summ           ##......     83%         3    None
 Confusing Touch          Hex            ##......     83%         3    None
 Conjure Flame            Conj/Fire      ##......     83%         3    None
 Dazzling Flash           Conj/Hex       ##....       83%         3    None
 Frozen Ramparts          Ice            ##....       83%         3    None
 Ignite Poison            Fire/Tmut/Pois ##......     83%         3    None
 Inner Flame              Hex/Fire       ##......     83%         3    None
 Mephitic Cloud           Conj/Pois/Air  ##......     83%         3    None
 Spider Form              Tmut/Pois      ##........   83%         3    None
 Static Discharge         Conj/Air       ##......     83%         3    None
 Stone Arrow              Conj/Erth      ##....       83%         3    None
 Summon Guardian Golem    Hex/Summ       ##......     83%         3    None
 Tukima's Dance           Hex            ##......     83%         3    None
 Vampiric Draining        Necr           ##........   83%         3    None
 Excruciating Wounds      Chrm/Necr      ###.......   98%         5    ####...
 Iskenderun's Battlesphe  Conj/Chrm      ###.....     98%         5    ####...
 Dispersal                Tloc           #####.....   98%         6    ######.
 Airstrike                Air            ##........   99%         4    ##.....
 Animate Dead             Necr           N/A          99%         4    ##.....
 Cause Fear               Hex            ##........   99%         4    ##.....
 Dispel Undead            Necr           ##......     99%         4    ##.....
 Fulminant Prism          Conj/Hex       ##........   99%         4    ##.....
 Hailstorm                Conj/Ice       ##......     99%         4    ##.....
 Ice Form                 Ice/Tmut       ##......     99%         4    ##.....
 Leda's Liquefaction      Hex/Erth       ##........   99%         4    ##.....
 Olgreb's Toxic Radiance  Pois           ##......     99%         4    ##.....
 Petrify                  Tmut/Erth      ##......     99%         4    ##.....
 Sticky Flame             Conj/Fire      ##......     99%         4    ##.....
 Summon Ice Beast         Ice/Summ       ##......     99%         4    ##.....
 Summon Lightning Spire   Summ/Air       ##......     99%         4    ##.....
 Agony                    Necr           ##......     100%        5    ####...
 Alistair's Intoxication  Tmut/Pois      ##......     100%        5    ####...
 Blade Hands              Tmut           ##........   100%        5    ####...
 Bolt of Magma            Conj/Fire/Erth ##........   100%        5    ####...
 Borgnjor's Vile Clutch   Necr/Erth      ##........   100%        5    ####...
 Fireball                 Conj/Fire      ##........   100%        5    ####...
 Irradiate                Conj/Tmut      ##........   100%        5    ####...
 Lee's Rapid Deconstruct  Erth           ##........   100%        5    ####...
 Lightning Bolt           Conj/Air       ##........   100%        5    ####...
 Metabolic Englaciation   Hex/Ice        ##........   100%        5    ####...
 Silence                  Hex/Air        ##........   100%        5    ####...
 Summon Mana Viper        Hex/Summ       ##......     100%        5    ####...
 Yara's Violent Unravell  Hex/Tmut       ##........   100%        5    ####...
 Darkness                 Hex            ##........   100%        6    ######.
 Death Channel            Necr           ##........   100%        6    ######.
 Eringya's Noxious Bog    Tmut/Pois      ##........   100%        6    ######.
 Freezing Cloud           Conj/Ice/Air   ##........   100%        6    ######.
 Hydra Form               Tmut           ##........   100%        6    ######.
 Invisibility             Hex            ##......     100%        6    ######.
 Iron Shot                Conj/Erth      ##........   100%        6    ######.
 Ozocubu's Refrigeration  Ice            ##........   100%        6    ######.
 Shadow Creatures         Summ           N/A          100%        6    ######.
 Simulacrum               Ice/Necr       ##........   100%        6    ######.
 Starburst                Conj/Fire      ##........   100%        6    ######.
 Statue Form              Tmut/Erth      ##.......    100%        6    ######.
 Dragon Form              Tmut           ##........   100%        7    #######
 Malign Gateway           Summ/Tloc      ###.......   100%        7    #######
 Orb of Destruction       Conj           ##........   100%        7    #######
 Ring of Flames           Chrm/Fire      ###.......   100%        7    #######
 Spellforged Servitor     Conj/Summ      ##........   100%        7    #######
 Summon Hydra             Summ           ##........   100%        7    #######
 Discord                  Hex            ##........   100%        8    #######
 Ignition                 Fire           ##........   100%        8    #######
 Shatter                  Erth           ##........   100%        9    #######
 Tornado                  Air            ##........   100%        9    #######


Dungeon Overview and Level Annotations

Branches:
Dungeon (15/15)            Temple (1/1) D:5            Lair (6/6) D:9
 Shoals (4/4) Lair:2        Snake (4/4) Lair:2        Slime (5/5) Lair:5
    Orc (2/2) D:12            Elf (3/3) Orc:2        Vaults (5/5) D:14
  Crypt (3/3) Vaults:2       Tomb (3/3) Crypt:3      Depths (5/5) D:15
   Hell (visited)             Dis (7/7) Hell            Geh (7/7) Hell
    Coc (7/7) Hell            Tar (7/7) Hell            Zot (5/5) Depths:5
  Sewer (visited)          Bailey (visited)          WizLab (visited)

Altars:
Ashenzari
Cheibriados
Dithmenos
Elyvilon
Fedhas
Gozag
Hepliaklqana
Kikubaaqudgha
Makhleb
Nemelex Xobeh
Okawaru
Qazlal
Ru
Sif Muna
Trog
Uskayaw
Vehumet
Wu Jian
Xom
Yredelemnul
Zin
The Shining One
Beogh
Jiyva
Lugonu

Shops:
D:4 *%   Orc:1 %%!:   Orc:2 (?:=}   Elf:1 [   Elf:2 =%   Shoals:4 *   Snake:2 :
Vaults:1 [   Depths:2 [*   Depths:4 *

Portals:
Hell: Depths:1 Depths:2 Depths:3 Depths:4 Depths:5
Abyss: Depths:4 Depths:5
Pandemonium: Depths:3 Depths:5
Ziggurat: Depths:4


Innate Abilities, Weirdness & Mutations

You can be seen from farther away. (+LOS)
You can swim through water.
You cover ground slowly.
You can hop long distances.
You have sharp toenails.
Scrolls take you longer to read.
Your flesh is heat resistant. (rF+)
You are somewhat resistant to further mutation.
You occasionally shout uncontrollably at your foes.
You are occasionally teleported next to monsters.


Message History

(D) Dungeon (T) Temple (L) Lair (A) Shoals (P) Snake Pit (M) Slime Pits (O) Orcish Mines (E) Elven Halls (V) Vaults (C) Crypt (W) Tomb (U) Depths (H) Hell (I) Dis (G) Gehenna (X) Cocytus (Y) Tartarus (Z) Zot
Where to? (Enter - D:2, ? - help)
There is a stone staircase leading up here.
You climb upwards.
There is a stone staircase leading down here.
(D) Dungeon (T) Temple (L) Lair (A) Shoals (P) Snake Pit (M) Slime Pits (O) Orcish Mines (E) Elven Halls (V) Vaults (C) Crypt (W) Tomb (U) Depths (H) Hell (I) Dis (G) Gehenna (X) Cocytus (Y) Tartarus (Z) Zot
Where to? (Enter - D:1, ? - help)
Okay, then.
You see here a +0 club.
There is an open gate here.
There is a staircase leading out of the dungeon here.
You have escaped!

##..### #.......#
##.######.#[..####
#..###......###..#
..........###....#
..#####.###......# #.#
###........#
..#####......##..#
..)'.......####..#
...'.....### #.@#
.#.'.......####..#
.######......##..#
......###........#
........###......#
..........###....#
.#.........####..#
.##..)....(# ####
.##........##############


There were no monsters in sight!

Vanquished Creatures
  Cerebov (Pan)
  Antaeus (Coc:7)
  Asmodeus (Geh:7)
  Ignacio (Pan)
  the Royal Jelly (Slime:5)
  Gloorx Vloq (Pan)
  Ereshkigal (Tar:7)
  Mnoleg (Pan)
  Lom Lobon (Pan)
  Dispater (Dis:7)
  2 orbs of fire (Zot:5)
  9 ancient liches
  Mennas (Tomb:2)
  A juggernaut (Depths:4)
  22 greater mummies
  8 pandemonium lords
  5 Killer Klowns (Zot:5)
  7 caustic shrikes
  18 shard shrikes
  Margery (Depths:3)
  Frederick (Depths:5)
  Geryon (Hell)
  Xtahua (Depths:4)
  12 golden dragons
  3 curse toes
  Jory (Crypt:2)
  The ghost of Zoalos the Devastator, a veteran GrEE of Lugonu (Crypt:1)
  Nikola (Vaults:1)
  6 bone dragons
  A profane servitor (Crypt:3)
  20 Tzitzimimeh
  2 electric golems (Zot:5)
  2 doom hounds
  3 iron giants
  6 Hell Sentinels
  11 tentacled monstrosities
  19 liches
  Rupert (Lair:3)
  19 Brimstone Fiends
  28 Orb Guardians
  21 titans
  19 Ice Fiends
  2 hellephants
  10 deep elf blademasters
  10 quicksilver dragons
  7 deep elf master archers
  Asterion (Vaults:3)
  An acid blob (shapeshifter) (Vaults:5)
  28 acid blobs
  Murray (Hell)
  23 Executioners
  An eldritch tentacle (Pan)
  14 sphinxes
  4 death cobs
  Polyphemus (Shoals:2)
  Agnes (Snake:2)
  18 ancient champions
  6 tentacled starspawn
  2 tengu reavers (Vaults:5)
  12 storm dragons
  7 revenants
  12 shadow dragons
  Kirke (Snake:4)
  13 nagarajas
  2 draconian monks
  8 azure jellies
  9 deep elf sorcerers
  5 draconian knights
  31 frost giants
  24 fire giants
  5 iron dragons
  7 draconian scorchers
  An orc warlord (Vaults:5)
  25 cacodemons
  10 vault wardens
  10 warmongers (Pan)
  Louise (Depths:4)
  3 curse skulls
  25 balrugs
  4 deep elf elementalists (Elf:3)
  Aizul (Snake:1)
  6 draconian annihilators
  2 draconian stormcallers (Zot:1)
  19 ironheart preservers
  32 stone giants
  6 draconian shifters
  53 reapers
  17 ghouls
  23 very ugly things
  17 war gargoyles
  10 vampire knights
  8 bennus (Tomb:3)
  An entropy weaver (shapeshifter) (D:14)
  8 blood saints (Pan)
  14 black draconians
  6 corrupters (Pan)
  2 black suns (Pan)
  4 lorocyprocas
  Azrael (D:12)
  11 deep elf demonologists
  12 white draconians
  7 purple draconians
  3 dire elephants
  11 deep elf annihilators
  12 green draconians
  14 red draconians
  6 yellow draconians
  4 spark wasps (Depths:4)
  An orange crystal statue (WizLab)
  3 merfolk javelineers
  15 deep elf death magi
  10 green deaths
  6 ettins
  28 mummy priests
  8 death oozes (Slime:5)
  2 eidola
  Snorg (D:13)
  29 blizzard demons
  5 merfolk impalers
  14 fire dragons
  21 jiangshi
  23 ice dragons
  5 deep elf high priests
  4 kraken zombies
  3 quicksilver dragon zombies
  12 yaktaur captains
  10 rakshasas
  14 great orbs of eyes
  The ghost of Onakli the Cleaver, a journeyman DsFi of Wu Jian (D:11)
  10 naga warriors
  6 monstrous demonspawn
  Harold (D:9)
  2 juggernaut simulacra (Pan)
  3 ghost crabs
  2 hell beasts (Pan)
  3 quicksilver dragon skeletons
  13 hydras
  2 spriggan air magi
  7 merfolk avatars
  2 shambling mangroves (Abyss:3)
  15 anacondas
  51 large abominations
  2 alligator snapping turtles (Shoals:3)
  5 centaur warriors
  30 vault guards
  25 ogre magi
  56 two-headed ogres
  A two-headed ogre (shapeshifter) (Vaults:2)
  8 tengu warriors
  Erica (Orc:1)
  4 satyrs
  31 dancing weapons
  A death knight (D:14)
  2 merfolk aquamancers
  2 catoblepae
  43 death scarabs
  9 deep troll earth magi
  4 death yaks (Shoals:2)
  A queen ant (shapeshifter) (Depths:4)
  An alligator (Snake:3)
  6 shock serpents
  18 vampire magi
  14 hell hogs
  Urug (D:13)
  9 naga sharpshooters
  9 titan zombies
  4 deep troll shamans
  3 spriggan berserkers
  4 orc high priests (Orc:2)
  9 thrashing horrors
  An iron golem (Hell)
  3 storm dragon zombies
  49 sun demons
  21 small abominations
  6 holy swine (Pan)
  3 wretched stars
  35 hell knights
  20 deep elf knights
  39 soul eaters
  7 titan skeletons
  A salamander mystic (Snake:4)
  10 shadow wraiths
  9 storm dragon skeletons
  2 fire crabs
  28 sixfirhies
  7 spatial maelstroms
  2 spriggan druids (Depths:2)
  A death drake (Tar:7)
  10 anaconda zombies
  An iron troll (Depths:4)
  5 torturous demonspawn
  16 flayed ghosts
  167 skeletal warriors
  7 unseen horrors
  2 ghost moth zombies
  3 glowing orange brains
  8 gelid demonspawn
  5 infernal demonspawn (Pan)
  A kraken simulacrum (Shoals:4)
  14 shadow demons
  28 deep trolls
  26 sea snakes
  7 golden dragon zombies
  11 anaconda skeletons
  6 harpies
  19 wizards
  2 swamp dragons (Snake:3)
  17 deep elf archers
  24 orc knights
  6 naga ritualists
  13 ironbrand convokers
  25 phantasmal warriors
  3 wolf spider zombies
  4 shadow dragon zombies
  9 golden dragon skeletons
  An orb spider (shapeshifter) (Vaults:2)
  5 wolf spiders
  12 necromancers
  59 deep elf magi
  A harpy (shapeshifter) (Abyss:4)
  7 stone giant zombies
  An oklob plant (Lair:2)
  A faun (shapeshifter) (Vaults:5)
  7 mana vipers
  11 orc sorcerers
  8 frost giant zombies
  7 cyclopes
  A manticore (shapeshifter) (Vaults:5)
  17 fauns
  6 shining eyes
  4 shadow dragon skeletons
  10 fire giant zombies
  23 ugly things
  4 iron dragon zombies
  Maurice (D:9)
  22 manticores
  A moth of wrath (shapeshifter) (Vaults:5)
  10 salamanders
  14 merfolk sirens
  6 fire giant skeletons
  21 moths of wrath
  A toenail golem (Zot:5)
  8 dire elephant zombies
  4 centaur zombies
  6 worldbinders
  24 rust devils
  3 shock serpent zombies
  4 iron dragon skeletons
  35 black mambas
  6 frost giant skeletons
  3 stone giant skeletons
  13 naga magi
  11 water nymphs
  An alligator snapping turtle zombie (Crypt:1)
  A titan simulacrum (Coc:7)
  29 orange demons
  9 molten gargoyles
  3 gargoyles
  28 smoke demons
  A torpor snail (Lair:2)
  4 apocalypse crabs
  8 guardian serpents
  2 shock serpent skeletons
  2 guardian serpents (shapeshifter)
  19 spiny frogs
  10 ice statues
  14 vault sentinels
  A catoblepas zombie (Dis:3)
  33 hellions
  3 emperor scorpion zombies
  A yaktaur zombie (Vaults:5)
  2 komodo dragons (shapeshifter)
  A rime drake (Lair:3)
  A kobold demonologist (Bailey)
  A sea snake zombie (Crypt:3)
  A yaktaur (shapeshifter) (Depths:1)
  A death yak zombie (Crypt:2)
  40 freezing wraiths
  4 human skeletons
  16 hellwings
  40 yaktaurs
  48 ice devils
  7 demonic crawlers
  40 tormentors
  2 dire elephant skeletons
  10 efreet
  47 guardian mummies
  2 catoblepas skeletons
  35 red devils
  12 komodo dragons
  27 merfolk
  A queen ant zombie (Crypt:3)
  8 ancient zymes
  2 harpy zombies
  A tengu conjurer (Depths:2)
  A queen bee (Lair:5)
  3 silent spectres
  9 trolls
  2 minotaur skeletons
  5 wind drakes
  11 hydra zombies
  3 meliai
  7 hydra skeletons
  16 hornets
  2 blink frogs (shapeshifter)
  3 dream sheep (Shoals:2)
  A harpy skeleton (Geh:7)
  5 tyrant leeches (Lair:6)
  6 fire dragon zombies
  A raiju (shapeshifter) (Depths:1)
  A polar bear (shapeshifter) (Vaults:2)
  103 slime creatures
  45 blink frogs
  10 snapping turtles
  9 raiju
  A stone giant simulacrum (Tomb:1)
  13 hippogriffs
  3 ice dragon zombies
  A fire giant simulacrum (Vaults:2)
  4 bog bodies (Crypt:2)
  A dream sheep (shapeshifter) (D:14)
  9 alligator zombies
  7 ettin zombies
  2 black mamba zombies
  79 flying skulls
  2 ice dragon skeletons
  9 ettin skeletons
  42 shadows
  51 starcursed masses
  33 water elementals
  A wyvern (shapeshifter) (Vaults:3)
  15 ynoxinuls
  2 fire dragon skeletons
  25 wraiths
  3 elf zombies
  46 yaks
  3 basilisks
  8 spriggans
  A tarantella (shapeshifter) (Depths:5)
  A vampire (D:13)
  15 ushabtiu
  A fire bat (shapeshifter) (Depths:1)
  5 hungry ghosts
  A fire bat (Abyss:4)
  A human (shapeshifter) (Vaults:5)
  An alligator skeleton (Coc:7)
  2 wyverns
  A steam dragon (D:7)
  4 hogs (Snake:4)
  26 neqoxecs
  A minotaur simulacrum (Coc:6)
  18 fire elementals
  18 chaos spawn
  Grum (D:10)
  A human (D:14)
  9 golden eyes
  7 spatial vortices
  10 vampire mosquitoes
  A deep troll zombie (Crypt:3)
  A yaktaur simulacrum (Vaults:1)
  A monstrous demonspawn zombie (Tar:7)
  4 swamp worms (Snake:3)
  2 insubstantial wisps (D:7)
  54 nagas
  6 wargs
  A soldier ant (D:10)
  An acid dragon (D:15)
  25 water moccasins
  2 hydra simulacra (Hell)
  A water moccasin (shapeshifter) (Vaults:2)
  69 hell hounds
  5 spiny frog skeletons
  7 spiny frog zombies
  An infernal demonspawn skeleton (Tar:7)
  A floating eye (shapeshifter) (D:13)
  A deep troll skeleton (Vaults:5)
  A swamp drake (Snake:3)
  50 orc warriors
  8 porcupines
  3 hornet zombies
  An ice dragon simulacrum (Coc:7)
  3 alligator simulacra
  8 sky beasts
  An eye of draining (shapeshifter) (D:14)
  7 eyes of draining
  8 phantoms
  5 black bears
  8 ice beasts
  2 snapping turtle zombies
  23 necrophages
  6 manticore zombies
  A fire dragon simulacrum (Abyss:2)
  A swamp dragon zombie (Dis:7)
  50 ogres
  2 swamp dragon skeletons
  12 wolves
  3 boggarts (Depths:1)
  2 ettin simulacra
  2 snapping turtle skeletons
  12 centaurs
  A manticore skeleton (Tar:6)
  A torpor snail zombie (Crypt:3)
  13 crocodiles
  A crocodile (shapeshifter) (Depths:2)
  6 big kobolds
  A draconian zombie (Crypt:1)
  Blork the orc (D:6)
  28 bullfrogs
  A rime drake skeleton (Crypt:1)
  A wyvern zombie (D:11)
  3 earth elementals
  A cyclops zombie (Crypt:1)
  A komodo dragon skeleton (Crypt:3)
  A wyvern skeleton (D:8)
  7 scorpions
  2 troll zombies
  2 spriggan zombies
  A spectral wolf (Crypt:2)
  A spriggan skeleton (Geh:6)
  26 killer bees
  11 electric eels
  61 wights
  19 crimson imps
  5 lava snakes (Lair:3)
  3 bullfrog zombies
  14 hounds
  2 quasits
  5 human zombies
  5 jellies
  49 orc wizards
  27 orc priests
  A bullfrog skeleton (D:10)
  2 centaur skeletons
  20 iron imps
  6 iguanas
  Natasha (thrice) (D:4)
  3 hell rats (Hell)
  13 worker ants
  2 tengu zombies
  A big kobold skeleton (Crypt:3)
  2 hound zombies
  A hound skeleton (D:3)
  40 mummies
  10 gnolls
  An ogre simulacrum (Crypt:2)
  35 adders
  7 river rats (Sewer)
  A scorpion zombie (Crypt:1)
  A swamp drake skeleton (Crypt:1)
  10 shadow imps
  31 white imps
  2 oozes
  An adder skeleton (D:8)
  An adder zombie (D:8)
  2 worms
  A ball lightning (Pan)
  2 dart slugs
  10 leopard geckos
  107 orcs
  8 giant cockroaches
  22 goblins
  11 hobgoblins
  21 jackals
  3 quokkas
  16 ball pythons
  8 bats
  8 frilled lizards
  A jackal skeleton (D:5)
  22 kobolds
  A kobold skeleton (Coc:7)
  A kobold zombie (Coc:6)
  3 orc zombies
  A quokka skeleton (Crypt:2)
  A quokka zombie (D:8)
  29 rats
  2 rat zombies
  3 bushes (D:14)
  5 crawling corpses
  2 fungi
  2 lurking horrors
  20 plants
  3 starspawn tentacles
  7 tentacles
5077 creatures vanquished.

Vanquished Creatures (collateral kills)
  4 greater mummies
  A lich (Tomb:3)
  2 mummy priests
  A hydra (Lair:4)
  7 death scarabs (Tomb:3)
  3 skeletal warriors (Tomb:3)
  A golden dragon skeleton (Tomb:3)
  A shadow dragon zombie (Tomb:3)
  5 guardian mummies (Tomb:3)
  3 flying skulls (Tomb:3)
  A swamp dragon skeleton (Tomb:2)
  3 mummies
32 creatures vanquished.

Vanquished Creatures (others)
  A lich (Geh:6)
  A titan (Coc:4)
  A fire giant (Depths:4)
  2 elemental wellsprings (Coc:7)
  A yellow draconian (Zot:5)
  A jiangshi (Depths:2)
  A naga warrior (Snake:4)
  2 hell hogs
  A two-headed ogre (Depths:2)
  A vampire mage (Depths:2)
  2 small abominations
  A deep elf knight (Elf:2)
  An infernal demonspawn (Pan)
  A flayed ghost (Geh:6)
  A glowing orange brain (Pan)
  A manticore (Shoals:4)
  2 deep elf magi (Elf:1)
  A rust devil (Dis:7)
  An ice devil (Coc:7)
  A tengu conjurer (Depths:2)
  A red devil (Hell)
  A merfolk (Shoals:4)
  A slime creature (Slime:5)
  A flying skull (Dis:7)
  A water elemental (Coc:7)
  A yak (D:14)
  A human (Snake:4)
  3 nagas
  2 hell hounds
  An ogre (Vaults:4)
  A wolf (Crypt:2)
  A centaur (Depths:2)
  A quasit (Abyss:2)
  2 orc wizards (D:12)
  2 hell rats (Hell)
  A white imp (Coc:7)
  3 ball lightnings (Pan)
  An orc (D:7)
  A jackal (D:7)
  A crawling corpse (Vaults:5)
  9 fungi
  60 plants
  11 starspawn tentacles
  13 tentacles
144 creatures vanquished.

Grand Total: 5253 creatures vanquished

Notes
Turn   | Place    | Note
-------+----------+-------------------------------------------
     0 | D:1      | Shadowblade the Barachi Fighter began the quest for the
                  | Orb.
     0 | D:1      | Reached XP level 1. HP: 18/18 MP: 1/1
   324 | D:1      | Reached XP level 2. HP: 24/24 MP: 2/2
   653 | D:2      | Noticed a centaur
   657 | D:2      | Killed a centaur
   657 | D:2      | Reached skill level 5 in Axes
   657 | D:2      | Reached XP level 3. HP: 25/29 MP: 3/3
   657 | D:2      | Reached XP level 4. HP: 31/36 MP: 4/4
   893 | D:2      | Reached XP level 5. HP: 38/41 MP: 5/5
  1555 | D:3      | Found a hide-covered altar of Uskayaw.
  1557 | D:3      | Found an iron altar of Okawaru.
  1558 | D:3      | Found a shimmering blue altar of Sif Muna.
  1558 | D:3      | Found a burning altar of Makhleb.
  1577 | D:3      | Found a white marble altar of Elyvilon.
  1577 | D:3      | Found a hazy altar of Hepliaklqana.
  1587 | D:3      | Became a worshipper of Warmaster Okawaru
  1716 | D:3      | Reached XP level 6. HP: 35/47 MP: 6/6
  1991 | D:3      | Found a bloodstained altar of Trog.
  2151 | D:4      | Noticed Natasha
  2160 | D:4      | Killed Natasha
  2215 | D:4      | Noticed Natasha
  2223 | D:4      | Killed Natasha
  2384 | D:4      | Reached XP level 7. HP: 52/52 MP: 7/7
  2398 | D:4      | Found Qazash's Food Boutique.
  2630 | D:4      | Found Uroz's Assorted Antiques.
  2647 | D:4      | Noticed Natasha
  2659 | D:4      | Killed Natasha
  2721 | D:4      | Reached * piety under Okawaru
  3296 | D:5      | Entered Level 5 of the Dungeon
  3491 | D:5      | Reached XP level 8. HP: 41/59 MP: 5/8
  3500 | D:5      | Reached skill level 10 in Axes
  3555 | D:5      | Found a glowing drain.
  3597 | Sewer    | Entered a sewer
  3943 | D:5      | Found a staircase to the Ecumenical Temple.
  4206 | D:4      | Bought a granite ring for 105 gold pieces
  4804 | D:6      | Reached XP level 9. HP: 60/64 MP: 9/9
  4993 | D:6      | Reached ** piety under Okawaru
  5182 | D:6      | Noticed Blork the orc
  5201 | D:6      | Killed Blork the orc
  5223 | D:6      | Reached skill level 1 in Invocations
  6475 | D:7      | Found a glowing silver altar of Zin.
  6475 | D:7      | Found an opulent altar of Gozag.
  6557 | D:7      | Reached skill level 5 in Fighting
  6804 | D:7      | Reached *** piety under Okawaru
  6810 | D:7      | Reached XP level 10. HP: 70/79 MP: 9/12
  7142 | D:8      | Noticed a two-headed ogre
  7152 | D:8      | Killed a two-headed ogre
  7152 | D:8      | Reached **** piety under Okawaru
  7152 | D:8      | Reached skill level 10 in Fighting
  8110 | D:8      | Reached skill level 5 in Armour
  8609 | D:9      | Noticed Maurice
  8703 | D:9      | Killed Maurice
  8723 | D:9      | Reached XP level 11. HP: 77/91 MP: 9/14
  8938 | D:9      | Reached skill level 5 in Shields
  9167 | D:9      | Noticed Harold
  9179 | D:9      | Killed Harold
  9179 | D:9      | Reached ***** piety under Okawaru
  9565 | D:9      | Found a staircase to the Lair.
  9768 | D:10     | Entered Level 10 of the Dungeon
 10016 | D:10     | Reached skill level 5 in Invocations
 10269 | D:10     | Got a crude war axe
 10270 | D:10     | Identified the +7 war axe of Fosharap {freeze, rElec Dex+4
                  | Stlth+} (You found it on level 10 of the Dungeon)
 10369 | D:10     | Noticed Grum
 10380 | D:10     | Killed Grum
 10791 | Lair:1   | Entered Level 1 of the Lair of Beasts
 11020 | Lair:1   | Received a gift from Okawaru
 11071 | Lair:1   | Found a shattered altar of Ashenzari.
 11097 | Lair:1   | Reached XP level 12. HP: 88/103 MP: 12/15
 11166 | Lair:1   | Reached skill level 1 in Dodging
 11614 | Lair:2   | Reached skill level 5 in Dodging
 11669 | Lair:2   | Received a gift from Okawaru
 11708 | Lair:2   | Found a staircase to the Snake Pit.
 12035 | Lair:2   | Reached skill level 10 in Armour
 12042 | Lair:2   | Received a gift from Okawaru
 12062 | Lair:2   | Found a staircase to the Shoals.
 12528 | Lair:2   | Found the +8 whip "Snakebite" {curare, rPois}
 13341 | Lair:3   | Noticed Rupert
 13364 | Lair:3   | Killed Rupert
 13364 | Lair:3   | Received a gift from Okawaru
 13364 | Lair:3   | Reached skill level 15 in Axes
 13364 | Lair:3   | Gained mutation: You can hop long distances. [Barachi
                  | growth]
 13364 | Lair:3   | Reached XP level 13. HP: 109/109 MP: 7/16
 13365 | Lair:3   | Found the +0 pair of fencer's gloves {Riposte Dex+3}
 14360 | Lair:4   | HP: 3/112 [eight-headed hydra (12)]
 15272 | Lair:5   | Got a distressingly furry plate armour
 15283 | Lair:5   | Identified the cursed +0 plate armour "Ocabargh" {-Tele rN+
                  | MP+9} (You found it on level 5 of the Lair of Beasts)
 15336 | Lair:5   | Reached skill level 15 in Fighting
 15429 | Lair:5   | Found a staircase to the Slime Pits.
 15476 | Lair:5   | Received a gift from Okawaru
 16359 | Lair:6   | Entered Level 6 of the Lair of Beasts
 16373 | Lair:5   | Reached XP level 14. HP: 123/123 MP: 15/17
 17174 | Lair:6   | Received a gift from Okawaru
 17175 | Lair:6   | Got a faintly glowing plate armour {god gift}
 17187 | Lair:6   | Identified the +5 plate armour of the Midnight Sun {Int+3}
                  | (Okawaru gifted it to you on level 6 of the Lair of Beasts)
 18352 | Lair:6   | Got a bloodstained leather armour
 18363 | Lair:6   | Identified the cursed +0 leather armour of Fass {Int+2}
                  | (You found it on level 6 of the Lair of Beasts)
 19029 | D:11     | Found a runed translucent gate.
 19029 | D:11     | Found a runed translucent gate.
 19029 | D:11     | Noticed Onakli's ghost (journeyman DsFi)
 19030 | D:11     | Found a runed translucent gate.
 19030 | D:11     | Found a roughly hewn altar of Beogh.
 19030 | D:11     | Identified the +5 quarterstaff "Jellybane" {speed, rN+
                  | Str+3 Int+3}
 19370 | D:11     | Killed Onakli's ghost
 19427 | D:11     | Got a crude cloak
 19438 | D:11     | Identified the +2 cloak "Notiem" {rElec rC+ Dex+2} (You
                  | found it on level 11 of the Dungeon)
 19471 | D:12     | Found a staircase to the Orcish Mines.
 19604 | D:12     | Received a gift from Okawaru
 19604 | D:12     | Reached XP level 15. HP: 118/129 MP: 21/21
 19631 | D:12     | Got a jewelled longbow {god gift}
 19637 | D:12     | Identified the +5 longbow "Bunlimuq" {vorpal, rF+ rC+ MP+9}
                  | (Okawaru gifted it to you on level 12 of the Dungeon)
 19972 | D:12     | Noticed Azrael
 20005 | D:12     | Killed Azrael
 20005 | D:12     | Reached skill level 5 in Evocations
 20190 | Orc:1    | Entered Level 1 of the Orcish Mines
 20190 | Orc:1    | Found Safeet's Food Shop.
 20193 | Orc:1    | Noticed Erica
 20211 | Orc:1    | Killed Erica
 20291 | Orc:1    | Found a flagged portal.
 20298 | Orc:1    | Found Gintog's Distillery.
 20304 | Bailey   | Entered a bailey
 20472 | Bailey   | Identified the +1 ring mail "Qoek" {rElec Int+3 Dex+2} (You
                  | acquired it in a bailey)
 20487 | Bailey   | Found an iron altar of Okawaru.
 20782 | Bailey   | Identified the +1 robe of Distant Shores {Int+5} (You found
                  | it in a bailey)
 21117 | Orc:1    | Found Vauty's Food Emporium.
 21256 | Orc:2    | Entered Level 2 of the Orcish Mines
 21256 | Orc:2    | Found a staircase to the Elven Halls.
 21417 | Orc:2    | Found Boxziveit's Antique Weapon Boutique.
 21511 | Orc:2    | Found Qedeumiv's Magic Scroll Shop.
 21649 | Orc:2    | Received a gift from Okawaru
 21677 | Orc:2    | Got a steaming buckler {god gift}
 21699 | Orc:2    | Identified the +7 buckler "Honoax" {rC+ rN+} (Okawaru
                  | gifted it to you on level 2 of the Orcish Mines)
 21732 | Orc:2    | Found Jabroacw's Jewellery Emporium.
 21735 | Orc:2    | Found Daguest's Gadget Emporium.
 21737 | Orc:2    | Found Ibaz's Book Shop.
 21878 | Orc:2    | Found a runed translucent door.
 22000 | Orc:2    | Found a roughly hewn altar of Beogh.
 22221 | Orc:1    | Found a radiant altar of Vehumet.
 22221 | Orc:1    | Found Lutix's Book Shoppe.
 22915 | D:13     | Noticed Snorg
 22932 | D:13     | Killed Snorg
 22932 | D:13     | Reached skill level 1 in Maces & Flails
 23069 | D:13     | Noticed Urug
 23077 | D:13     | Killed Urug
 23852 | D:14     | Reached XP level 16. HP: 135/141 MP: 20/22
 24236 | D:14     | Found a portal to a secret trove of treasure.
 24665 | D:14     | Found a gate to the Vaults.
 24724 | D:14     | Received a gift from Okawaru
 24836 | D:15     | Entered Level 15 of the Dungeon
 25322 | D:15     | Found a staircase to the Depths.
 25805 | Snake:1  | Entered Level 1 of the Snake Pit
 25970 | Snake:1  | Noticed Aizul
 25988 | Snake:1  | Killed Aizul
 27037 | Snake:2  | Found Ymminic's Book Boutique.
 27116 | Snake:2  | Noticed Agnes
 27151 | Snake:1  | Received a gift from Okawaru
 27208 | Snake:2  | Cast into level 2 of the Abyss (Agnes)
 27349 | Abyss:2  | Reached XP level 17. HP: 139/147 MP: 21/23
 27381 | Snake:2  | Escaped the Abyss
 27403 | Snake:2  | Killed Agnes
 27408 | Snake:2  | Received a gift from Okawaru
 28700 | Snake:3  | Received a gift from Okawaru
 29180 | Snake:4  | Entered Level 4 of the Snake Pit
 29180 | Snake:4  | Noticed Kirke
 29204 | Snake:4  | Killed Kirke
 29428 | Snake:4  | Received a gift from Okawaru
 29806 | Snake:4  | Reached XP level 18. HP: 142/155 MP: 21/24
 30152 | Snake:4  | Reached ****** piety under Okawaru
 30331 | Snake:4  | Received a gift from Okawaru
 30347 | Snake:4  | Got a serpentine rune of Zot
 30918 | Shoals:1 | Entered Level 1 of the Shoals
 31783 | Shoals:2 | Found a transporter.
 31794 | Shoals:2 | Found a transporter.
 31794 | Shoals:2 | Found a transporter.
 31796 | Shoals:2 | Found a transporter.
 31812 | Shoals:2 | Noticed Polyphemus
 31824 | Shoals:2 | Found the ring of the Octopus King
 31849 | Shoals:2 | Killed Polyphemus
 31925 | Shoals:2 | Got a ring of the Octopus King
 31927 | Shoals:2 | Identified a ring of the Octopus King {rF+ AC+1 EV+1 Str+1
                  | Int+1 Dex+1} (You found it on level 2 of the Shoals)
 32138 | Shoals:2 | Reached XP level 19. HP: 130/172 MP: 25/25
 32549 | Shoals:2 | Found a transporter.
 33576 | Shoals:4 | Entered Level 4 of the Shoals
 33576 | Shoals:4 | Found Ataemm's Mayhem Merchandise.
 33728 | Shoals:4 | Received a gift from Okawaru
 33743 | Shoals:4 | Got a pair of warped boots {god gift}
 33749 | Shoals:4 | Identified the +0 pair of boots of Rummyng {Str+3} (Okawaru
                  | gifted it to you on level 4 of the Shoals)
 34487 | Shoals:4 | Got a barnacled rune of Zot
 34824 | Vaults:1 | Entered Level 1 of the Vaults
 35122 | Vaults:1 | Paralysed by an ogre mage for 6 turns
 35153 | Vaults:1 | Identified the cursed +0 pair of gloves of Shielding {rC+
                  | Regen+ Dex+4}
 35153 | Vaults:1 | Noticed Nikola
 35170 | Vaults:1 | Killed Nikola
 35367 | Vaults:1 | You fall into a shaft and drop 1 floor!
 35384 | Vaults:2 | Reached skill level 15 in Armour
 35402 | Vaults:2 | Reached XP level 20. HP: 176/184 MP: 26/26
 35527 | Vaults:2 | Reached skill level 10 in Dodging
 36270 | Vaults:1 | Found Fyomeerr's Antique Armour Emporium.
 36481 | Vaults:2 | Found a staircase to the Crypt.
 37052 | Vaults:2 | Received a gift from Okawaru
 37126 | Vaults:2 | Received a gift from Okawaru
 37532 | Vaults:2 | Gained mutation: You occasionally shout uncontrollably at
                  | your foes. [a shining eye]
 37726 | Vaults:3 | Noticed Asterion
 37746 | Vaults:3 | Killed Asterion
 38390 | Vaults:3 | Reached skill level 15 in Dodging
 38452 | Vaults:3 | Reached XP level 21. HP: 190/190 MP: 27/27
 38883 | Vaults:4 | Received a gift from Okawaru
 39686 | Vaults:4 | Paralysed by a great orb of eyes for 5 turns
 40342 | Elf:1    | Entered Level 1 of the Elven Halls
 40476 | Elf:1    | Identified the Incunabulum of Summoning
 40763 | Elf:1    | Found Meuh Few's Armour Emporium.
 40772 | Elf:1    | Bought the +6 troll leather armour of Vouxal {*Corrode rF++
                  | rC+++ Regen+ Stlth-} for 1755 gold pieces
 41083 | Elf:2    | Found Muihon's Jewellery Boutique.
 41141 | Elf:2    | Bought the ring of the Forsaken Mice {+Blink +Fly rElec
                  | rPois Int+3} for 735 gold pieces
 41145 | Elf:2    | Found Gimurph's Food Shop.
 41317 | Elf:2    | Found a huge runed translucent gate.
 41317 | Elf:2    | Found a huge runed translucent gate.
 41317 | Elf:2    | Found a huge runed translucent gate.
 41318 | Elf:2    | Found a huge runed translucent gate.
 41318 | Elf:2    | Found a huge runed translucent gate.
 41684 | Elf:3    | Entered Level 3 of the Elven Halls
 41753 | Elf:3    | Reached skill level 1 in Throwing
 41763 | Elf:3    | Received a gift from Okawaru
 42482 | Elf:3    | Reached XP level 22. HP: 198/198 MP: 28/28
 42527 | Elf:3    | Identified the +7 great sword "Imaqoorch" {freeze, rC+
                  | SInv}
 42530 | Elf:3    | Reached skill level 5 in Throwing
 42555 | Elf:3    | Received a gift from Okawaru
 42913 | Elf:3    | Found the +8 Wrath of Trog {antimagic, *Rage}
 42934 | Elf:3    | Got a scintillating wooden ring
 42936 | Elf:3    | Identified the ring "Oschorchu" {*Contam rPois Dex+6 SInv
                  | Stlth+} (You found it on level 3 of the Elven Halls)
 43385 | Elf:2    | Reached skill level 10 in Throwing
 43865 | Vaults:5 | Entered Level 5 of the Vaults
 43865 | Vaults:5 | Found the +5 robe of Misfortune {*Contam Harm *Corrode
                  | *Drain *Slow EV+5}
 43897 | Vaults:5 | Received a gift from Okawaru
 43898 | Vaults:5 | Noticed a golden dragon
 43898 | Vaults:5 | a frost giant changed into a golden dragon
 43912 | Vaults:5 | a golden dragon changed into an acid blob
 43939 | Vaults:5 | Noticed a golden dragon
 43978 | Vaults:5 | Killed a golden dragon
 43986 | Vaults:5 | Received a gift from Okawaru
 43999 | Vaults:5 | Reached XP level 23. HP: 157/204 MP: 3/29
 44043 | Vaults:5 | Received a gift from Okawaru
 44076 | Vaults:5 | Received a gift from Okawaru
 44139 | Vaults:5 | Received a gift from Okawaru
 44247 | Vaults:5 | Received a gift from Okawaru
 44250 | Vaults:5 | Reached skill level 10 in Invocations
 44718 | Vaults:5 | Found the +9 sword of Zonguldrok {reap}
 44851 | Vaults:5 | Reached XP level 24. HP: 185/212 MP: 31/31
 44992 | Vaults:5 | Identified the +0 hat of Eternal Vigilance {*Drain rPois
                  | Int+6 Slay+5} (You found it on level 5 of the Vaults)
 45019 | Vaults:5 | Identified the ring "Lieciojy" {rC++ Str+4 SInv} (You found
                  | it on level 5 of the Vaults)
 45332 | Vaults:5 | Got a silver rune of Zot
 45719 | D:14     | You paid a toll of +3 shadow dragon scales to enter a
                  | treasure trove
 45720 | Trove    | Entered a treasure trove
 45730 | Trove    | Got a faintly glowing crystal plate armour
 45733 | Trove    | Got a pair of shimmering boots
 45735 | Trove    | Found the +2 hood of the Assassin {Detection Stab+ Stlth++}
 45738 | Trove    | Got a twisted crystal plate armour
 45760 | Trove    | Got a faintly humming scale mail
 45768 | Trove    | Got a twisted chain mail
 45788 | D:14     | Identified the +14 crystal plate armour of Lyg Kakk {rF+++
                  | Slay+2 SInv Stlth-} (You found it in a treasure trove)
 45789 | D:14     | Identified the +0 pair of boots "Fuxkikhlu" {Regen+ Str+2
                  | Dex+7} (You found it in a treasure trove)
 45801 | D:14     | Identified the +0 crystal plate armour of Untruth {Str+3
                  | Int-2 Dex+2} (You found it in a treasure trove)
 45804 | D:14     | Identified the +5 scale mail of the Depths {-Cast rElec
                  | rPois rC+} (You found it in a treasure trove)
 45806 | D:14     | Identified the +10 chain mail "Arro" {Int+8} (You found it
                  | in a treasure trove)
 45907 | Depths:1 | Entered Level 1 of the Depths
 45943 | Depths:1 | Received a gift from Okawaru
 46035 | Depths:1 | Paralysed by a great orb of eyes for 6 turns
 46371 | Depths:1 | Found a gateway to Hell.
 46436 | Depths:1 | Received a gift from Okawaru
 46700 | Depths:2 | Found Xowa's General Store.
 46720 | Depths:2 | Found a snail-covered altar of Cheibriados.
 46726 | Depths:2 | Found a flickering gateway to a bazaar.
 46736 | Bazaar   | Entered a bazaar
 46750 | Bazaar   | Found Lyga's Food Emporium.
 46763 | Bazaar   | Found Qozur's Antique Weapon Emporium.
 46763 | Bazaar   | Found Ygest's Weapon Shoppe.
 46784 | Bazaar   | Found Wamuefeff's Food Emporium.
 46784 | Bazaar   | Found Soikeud's Antique Armour Shoppe.
 46799 | Bazaar   | Found Mir Peamakk's Weapon Emporium.
 46799 | Bazaar   | Found Plog's Jewellery Shoppe.
 46865 | Depths:2 | Found a magical portal.
 46875 | WizLab   | Entered Wucad Mu's Monastery
 47066 | WizLab   | Found the +9 staff of Wucad Mu {channel}
 47100 | WizLab   | Reached XP level 25. HP: 219/219 MP: 31/31
 47239 | Depths:2 | Bought a potion of experience for 850 gold pieces
 47239 | Depths:2 | Reached XP level 26. HP: 226/226 MP: 31/31
 47388 | Depths:2 | Found Wiurub's Armour Shop.
 47899 | Depths:2 | Received a gift from Okawaru
 47966 | Depths:2 | Received a gift from Okawaru
 48100 | Depths:2 | Identified the +7 plate armour "Ithod" {+Blink Dex+3} (You
                  | found it on level 2 of the Depths)
 48391 | Orc:1    | Bought a book of Minor Magic for 300 gold pieces
 48391 | Orc:1    | Bought a book of Battle for 600 gold pieces
 48971 | Depths:2 | Bought a potion of haste for 170 gold pieces
 49137 | Depths:3 | Noticed Margery
 49148 | Depths:3 | Killed Margery
 49275 | Depths:3 | Found a one-way gate leading to the halls of Pandemonium.
 49318 | Depths:3 | Found a shimmering blue altar of Sif Muna.
 49362 | Depths:3 | Noticed an ancient lich
 49370 | Depths:3 | Killed an ancient lich
 49370 | Depths:3 | Reached skill level 15 in Throwing
 49384 | Depths:3 | Identified the Tome of the Spatial Oath
 49386 | Depths:3 | Identified the Almanac of Stones
 49402 | Depths:3 | Identified the Reference Book on Virous Flames
 49463 | Depths:3 | Identified the ring of Zedoxaci {Ice Str+2} (You found it
                  | on level 3 of the Depths)
 49519 | Depths:3 | Identified the Handbook of the Evil Oath
 49545 | Depths:3 | Identified Sif Muna's Disquisition on Lucky Transmutation
 49575 | Depths:3 | Found a shattered altar of Ashenzari.
 49578 | Depths:3 | You fall into a shaft and drop 2 floors!
 49578 | Depths:5 | Entered Level 5 of the Depths
 49588 | Depths:5 | Reached XP level 27. HP: 233/233 MP: 31/31
 49643 | Depths:5 | Learned a level 2 spell: Blink
 49679 | Depths:5 | Reached skill level 1 in Translocations
 49770 | Depths:5 | Reached skill level 5 in Translocations
 49801 | Depths:5 | Noticed Frederick
 49823 | Depths:5 | Killed Frederick
 49823 | Depths:5 | Received a gift from Okawaru
 49824 | Depths:5 | Found a corrupted altar of Lugonu.
 49868 | Depths:5 | Reached skill level 1 in Spellcasting
 49936 | Depths:5 | Found a one-way gate to the infinite horrors of the Abyss.
 49982 | Depths:5 | Reached skill level 5 in Spellcasting
 50065 | Depths:5 | Received a gift from Okawaru
 50094 | Depths:5 | Found a gate to the Realm of Zot.
 50617 | Depths:4 | Found a blossoming altar of Fedhas.
 50727 | Depths:4 | Received a gift from Okawaru
 50734 | Depths:4 | Identified the +5 scale mail "Veiqir" {Str+4} (Okawaru
                  | gifted it to you on level 4 of the Depths)
 50775 | Depths:4 | Noticed a juggernaut
 50784 | Depths:4 | Identified the ring of Ximue {Fire Int+4}
 50787 | Depths:4 | Reached skill level 10 in Spellcasting
 50819 | Depths:4 | Killed a juggernaut
 50841 | Depths:4 | Identified the ring of Gitoumar {rF++ Stlth-} (You found it
                  | on level 4 of the Depths)
 50848 | Depths:4 | Identified the ring of Hedonism {rC+ MR+ EV+4} (You found
                  | it on level 4 of the Depths)
 50855 | Depths:4 | Identified the amulet "Vaosh" {Gourm *Drain Dex+5 Slay+3}
                  | (You found it on level 4 of the Depths)
 50980 | Depths:4 | Identified the ring of Vowna {rPois rF- AC+3 Dex+4 Slay+6}
                  | (You acquired it on level 4 of the Depths)
 50980 | Depths:4 | Identified the +2 helmet of Pefo {rPois MP-9 Int+8} (You
                  | acquired it on level 4 of the Depths)
 50981 | Depths:4 | Identified the +5 crystal plate armour of Grot {rF+ rC++
                  | Str+4} (You acquired it on level 4 of the Depths)
 51168 | Depths:4 | Noticed Xtahua
 51172 | Depths:4 | Killed Xtahua
 51230 | Depths:4 | Found Qoov's Serpentskin Sales.
 51309 | Depths:4 | Noticed Louise
 51315 | Depths:4 | Killed Louise
 51361 | Depths:4 | Found a gateway to a ziggurat.
 51945 | Slime:1  | Entered Level 1 of the Pits of Slime
 52074 | Slime:2  | Gained mutation: Your muscles are strong. (Str +2) [a
                  | shining eye]
 52115 | Slime:2  | Learned a level 2 spell: Song of Slaying
 52116 | Slime:3  | Found a viscous altar of Jiyva.
 52128 | Slime:3  | Reached skill level 1 in Charms
 52135 | Slime:3  | Gained mutation: You sometimes yell uncontrollably at your
                  | foes. [a shining eye]
 52137 | Slime:3  | Gained mutation: Your body sometimes deteriorates upon
                  | taking damage. [a shining eye]
 52237 | Slime:3  | Received a gift from Okawaru
 52247 | Slime:3  | Identified the +0 kite shield of Conscience {rF++ Int+2}
                  | (Okawaru gifted it to you on level 3 of the Pits of Slime)
 52300 | Slime:3  | Reached skill level 5 in Charms
 52506 | Slime:5  | Entered Level 5 of the Pits of Slime
 52630 | Slime:5  | Noticed the Royal Jelly
 52654 | Slime:5  | Killed the Royal Jelly
 52992 | Slime:5  | Paralysed by a great orb of eyes for 6 turns
 53003 | Slime:5  | Received a gift from Okawaru
 53196 | Slime:5  | Paralysed by a great orb of eyes for 4 turns
 53197 | Slime:5  | Found the +4 Cigotuvi's embrace {rRot *Drain rN+}
 53454 | Slime:5  | Identified the Tome of Dislocated Execration
 53477 | Slime:5  | Got a slimy rune of Zot
 53478 | Slime:5  | Identified the Papyrus of the Icy Voyage
 53958 | Zot:1    | Entered Level 1 of the Realm of Zot
 54580 | Zot:1    | Received a gift from Okawaru
 54978 | Zot:2    | Received a gift from Okawaru
 54993 | Zot:2    | Received a gift from Okawaru
 55000 | Zot:2    | Reached skill level 27 in Fighting
 55856 | Zot:3    | You fall into a shaft and drop 1 floor!
 55918 | Zot:4    | Received a gift from Okawaru
 56479 | Zot:3    | Received a gift from Okawaru
 57106 | Zot:5    | Entered Level 5 of the Realm of Zot
 57205 | Zot:5    | Received a gift from Okawaru
 57267 | Zot:5    | Received a gift from Okawaru
 57405 | Zot:5    | Noticed an ancient lich
 57417 | Zot:5    | Killed an ancient lich
 57428 | Zot:5    | Received a gift from Okawaru
 57429 | Zot:5    | Identified the +0 helmet "Poummuju" {Str+5} (Okawaru gifted
                  | it to you on level 5 of the Realm of Zot)
 57483 | Zot:5    | Noticed an orb of fire
 57486 | Zot:5    | Noticed an ancient lich
 57492 | Zot:5    | Killed an orb of fire
 57514 | Zot:5    | Killed an ancient lich
 57520 | Zot:5    | Noticed an ancient lich
 57521 | Zot:5    | Noticed an ancient lich
 57525 | Zot:5    | Killed an ancient lich
 57528 | Zot:5    | Cast into level 5 of the Abyss (an ancient lich)
 57528 | Abyss:5  | Entered Level 5 of the Abyss
 57539 | Zot:5    | Escaped the Abyss
 57542 | Zot:5    | Killed an ancient lich
 57599 | Zot:5    | Received a gift from Okawaru
 57720 | Zot:5    | Noticed an orb of fire
 57736 | Zot:5    | Killed an orb of fire
 57776 | Zot:5    | Noticed an ancient lich
 57779 | Zot:5    | Noticed an ancient lich
 57782 | Zot:5    | Received a gift from Okawaru
 57793 | Zot:5    | Killed an ancient lich
 57793 | Zot:5    | Received a gift from Okawaru
 57802 | Zot:5    | Killed an ancient lich
 57827 | Zot:5    | Received a gift from Okawaru
 57830 | Zot:5    | Identified the +0 buckler "Qutrozyr" {+Inv Slay+5} (Okawaru
                  | gifted it to you on level 5 of the Realm of Zot)
 58516 | Temple   | Entered the Ecumenical Temple
 58543 | Temple   | Fell from the grace of Okawaru
 58543 | Temple   | Became a worshipper of the Shining One
 58897 | Crypt:1  | Entered Level 1 of the Crypt
 58927 | Crypt:1  | Reached * piety under the Shining One
 59095 | Crypt:1  | Found a runed translucent gate.
 59095 | Crypt:1  | Found a runed translucent gate.
 59095 | Crypt:1  | Found a runed translucent gate.
 59097 | Crypt:1  | Noticed Zoalos's ghost (veteran GrEE)
 59113 | Crypt:1  | Killed Zoalos's ghost
 59118 | Crypt:1  | Identified the amulet "Idumugav" {Spirit +Blink rF+ rN+
                  | Stlth+} (You found it on level 1 of the Crypt)
 59146 | Crypt:1  | Reached ** piety under the Shining One
 59503 | Crypt:2  | Reached *** piety under the Shining One
 59572 | Crypt:2  | Reached **** piety under the Shining One
 59612 | Crypt:2  | Reached ***** piety under the Shining One
 59862 | Crypt:2  | Identified the cursed +1 dagger of Courage {vamp, Fragile
                  | Str+4 SInv}
 59952 | Crypt:2  | Found an ancient bone altar of Kikubaaqudgha.
 59952 | Crypt:2  | Identified the ring "Gelak" {rElec rF+ MR+}
 59952 | Crypt:2  | Noticed Jory
 59962 | Crypt:2  | Killed Jory
 59965 | Crypt:2  | Reached skill level 27 in Armour
 60081 | Crypt:2  | Reached ****** piety under the Shining One
 60131 | Crypt:2  | Found an ancient bone altar of Kikubaaqudgha.
 60596 | Crypt:3  | Entered Level 3 of the Crypt
 60608 | Crypt:3  | Found a staircase to the Tomb.
 61486 | Crypt:3  | Found an ancient bone altar of Kikubaaqudgha.
 61494 | Crypt:3  | Found a basalt altar of Yredelemnul.
 61546 | Crypt:3  | Found the +4 dagger "Morg" {pain, MR+ Int+5}
 61965 | Hell     | Entered the Vestibule of Hell
 61965 | Hell     | Noticed Geryon
 61967 | Hell     | Noticed Murray
 61977 | Hell     | Identified a +6 broad axe of holy wrath (a +4 vorpal broad
                  | axe blessed by the Shining One)
 61977 | Hell     | Received a gift from the Shining One
 61980 | Hell     | Killed Geryon
 61980 | Hell     | Killed Murray
 62044 | Hell     | Found a gateway to the freezing wastes of Cocytus.
 62071 | Coc:1    | Entered Level 1 of Cocytus
 62564 | Coc:7    | Entered Level 7 of Cocytus
 62721 | Coc:7    | Reached skill level 27 in Axes
 62882 | Coc:7    | Identified the +3 leather armour "Qarph" {Str+2 Int+6
                  | Dex-3}
 63334 | Coc:7    | Noticed Antaeus
 63334 | Coc:7    | Identified the cursed +0 long sword "Potz" {freeze, rF+ rN+
                  | Str+4}
 63372 | Coc:7    | Killed Antaeus
 63504 | Coc:7    | Got an icy rune of Zot
 63610 | Coc:7    | Identified the amulet of Fedhas's Hope {Harm *Drain +Inv
                  | rElec rF+ Dex+3} (You found it on level 7 of Cocytus)
 63809 | Hell     | Found a gateway to the decaying netherworld of Tartarus.
 63819 | Tar:1    | Entered Level 1 of Tartarus
 64384 | Tar:7    | Entered Level 7 of Tartarus
 64739 | Tar:7    | Identified the Handbook of Abstinence
 64742 | Tar:7    | Identified the cursed +1 crystal plate armour of the Crown
                  | {rF++ Regen+ rCorr Stlth-} (You found it on level 7 of
                  | Tartarus)
 64827 | Tar:7    | Noticed an ancient lich
 64827 | Tar:7    | Noticed an ancient lich
 64841 | Tar:7    | Killed an ancient lich
 64858 | Tar:7    | Killed an ancient lich
 64933 | Tar:7    | Identified the +8 hunting sling "Nodufor" {vorpal, Str+4}
 65003 | Tar:7    | Identified the amulet "Feabro" {*Corrode rF+ Regen+ Stlth+}
                  | (You found it on level 7 of Tartarus)
 65100 | Tar:7    | Noticed Ereshkigal
 65120 | Tar:7    | Killed Ereshkigal
 65175 | Tar:7    | Got a bone rune of Zot
 65316 | Hell     | Found a gateway to the ashen valley of Gehenna.
 65329 | Geh:1    | Entered Level 1 of Gehenna
 65743 | Geh:5    | You fall into a shaft and drop 1 floor!
 65776 | Geh:6    | Was forgiven by Okawaru
 65903 | Geh:7    | Entered Level 7 of Gehenna
 66152 | Geh:7    | Identified the Reference Book on the Glacier and
                  | Conjuration
 66155 | Geh:7    | Identified the +7 broad axe of Zeenoq {elec, Str+3} (You
                  | found it on level 7 of Gehenna)
 66350 | Geh:7    | Identified the amulet of Pride {RegenMP Dex+3 Slay+2}
 66424 | Geh:7    | Identified the +7 sceptre of Asmodeus
 66424 | Geh:7    | Noticed Asmodeus
 66437 | Geh:7    | Killed Asmodeus
 66437 | Geh:7    | Reached skill level 27 in Throwing
 66446 | Geh:7    | Got an obsidian rune of Zot
 66617 | Hell     | Found a gateway to the Iron City of Dis.
 66631 | Dis:1    | Entered Level 1 of the Iron City of Dis
 67047 | Dis:7    | Entered Level 7 of the Iron City of Dis
 67214 | Dis:7    | Identified the Handbook of Icy Darkness
 67219 | Dis:7    | Got a flickering pewter ring
 67324 | Dis:7    | Reached skill level 15 in Invocations
 67543 | Dis:7    | Gained mutation: Your magical capacity is low. (-10% MP) [a
                  | cacodemon]
 67719 | Dis:7    | Identified the +4 staff of Dispater
 67719 | Dis:7    | Noticed Dispater
 67789 | Dis:7    | Got a pair of slimy boots
 67804 | Dis:7    | Identified the +1 pair of boots of Calculation {rC- rN+++
                  | Dex+6} (You found it on level 7 of the Iron City of Dis)
 67821 | Dis:7    | Got an iron rune of Zot
 67874 | Dis:7    | Killed Dispater
 68754 | Pan      | Entered the realm of Gloorx Vloq.
 68754 | Pan      | Entered Pandemonium
 68969 | Pan      | Noticed Gloorx Vloq
 68977 | Pan      | Killed Gloorx Vloq
 69016 | Pan      | Got a dark rune of Zot
 69221 | Pan      | Found an exit through the horrors of the Abyss.
 69330 | Pan      | Found an exit through the horrors of the Abyss.
 69343 | Pan      | Entered the realm of Lom Lobon.
 69801 | Pan      | Noticed Lom Lobon
 69811 | Pan      | Killed Lom Lobon
 69830 | Pan      | Got a magical rune of Zot
 70298 | Pan      | Reached skill level 27 in Dodging
 70299 | Pan      | Noticed Laofol the pandemonium lord
 70312 | Pan      | Killed Laofol the pandemonium lord
 70353 | Pan      | Found an exit through the horrors of the Abyss.
 70413 | Pan      | Entered the realm of Cerebov.
 70525 | Pan      | Identified the -7 helmet "Miqemm" {+Blink rF- Regen+ Int+6}
                  | (You acquired it in Pandemonium)
 70525 | Pan      | Identified Advanced Theurgy (You acquired it in
                  | Pandemonium)
 70866 | Pan      | Reached skill level 10 in Shields
 70872 | Pan      | Identified the ring of Jiateoga {*Drain rN+ EV+2 Dex+4}
 70873 | Pan      | Identified the +6 sword of Cerebov {flame}
 70873 | Pan      | Noticed Cerebov
 70893 | Pan      | Killed Cerebov
 70917 | Pan      | Identified the Volume of Transformation and Boosts
 70919 | Pan      | Identified Sif Muna's Disquisition on the Flamy Glacier
 71010 | Pan      | Got a fiery rune of Zot
 71067 | Pan      | Identified the Almanac of Earthen Boosts
 71225 | Pan      | Noticed Ymuip the pandemonium lord
 71238 | Pan      | Killed Ymuip the pandemonium lord
 71257 | Pan      | Gained mutation: Potions are less effective at restoring
                  | your health. [a cacodemon]
 71400 | Pan      | Noticed Rezxyin the pandemonium lord
 71401 | Pan      | Reached skill level 15 in Shields
 71402 | Pan      | Killed Rezxyin the pandemonium lord
 71440 | Pan      | Entered the realm of Mnoleg.
 71642 | Pan      | Found an exit through the horrors of the Abyss.
 71648 | Pan      | Gained mutation: Scrolls take you a little longer to read.
                  | [a neqoxec]
 71814 | Pan      | Gained mutation: Scrolls take you longer to read. [a
                  | cacodemon]
 71853 | Pan      | Lost mutation: Your magical capacity is low. (-10% MP)
                  | [potion of mutation]
 71853 | Pan      | Lost mutation: You sometimes yell uncontrollably at your
                  | foes. [potion of mutation]
 71853 | Pan      | Lost mutation: Your body sometimes deteriorates upon taking
                  | damage. [potion of mutation]
 71853 | Pan      | Lost mutation: Your muscles are strong. (Str +2) [potion of
                  | mutation]
 71853 | Pan      | Gained mutation: You have sharp toenails. [potion of
                  | mutation]
 71853 | Pan      | Lost mutation: Potions are less effective at restoring your
                  | health. [potion of mutation]
 71853 | Pan      | Gained mutation: Your flesh is heat resistant. (rF+)
                  | [potion of mutation]
 71853 | Pan      | Gained mutation: You are somewhat resistant to further
                  | mutation. [potion of mutation]
 72075 | Pan      | Noticed Mnoleg
 72097 | Pan      | Killed Mnoleg
 72166 | Pan      | Got a glowing rune of Zot
 72387 | Pan      | Found an exit through the horrors of the Abyss.
 72531 | Pan      | Noticed Ignacio
 72540 | Pan      | Killed Ignacio
 72939 | Pan      | Found an exit through the horrors of the Abyss.
 73028 | Pan      | Took an exit into the Abyss.
 73028 | Abyss:1  | Escaped into the Abyss
 73538 | Abyss:2  | Identified the ring of Nisaint {Fire rN+ Int+4} (You found
                  | it on level 7 of the Iron City of Dis)
 73580 | Abyss:2  | Gained mutation: You are occasionally teleported next to
                  | monsters. [a neqoxec]
 73611 | Abyss:2  | Paralysed by accursed screaming for 1 turns
 74077 | Abyss:3  | Got an abyssal rune of Zot
 74330 | Abyss:5  | Entered Level 5 of the Abyss
 74386 | Abyss:5  | Paralysed by accursed screaming for 2 turns
 74560 | Depths:3 | Escaped the Abyss
 74848 | Tomb:1   | Entered Level 1 of the Tomb of the Ancients
 74940 | Tomb:1   | Noticed a greater mummy
 74946 | Tomb:1   | Killed a greater mummy
 74957 | Tomb:1   | Noticed a greater mummy
 74964 | Tomb:1   | Killed a greater mummy
 75916 | Tomb:2   | Noticed a greater mummy
 75916 | Tomb:2   | Noticed a greater mummy
 75916 | Tomb:2   | Noticed a greater mummy
 75916 | Tomb:2   | Noticed a greater mummy
 75925 | Tomb:2   | Noticed Mennas
 75939 | Tomb:2   | Killed a greater mummy
 75946 | Tomb:2   | Killed a greater mummy
 75948 | Tomb:2   | Killed a greater mummy
 75956 | Tomb:2   | Killed a greater mummy
 75982 | Tomb:2   | Killed Mennas
 76216 | Tomb:1   | Noticed a greater mummy
 76216 | Tomb:1   | Noticed a greater mummy
 76222 | Tomb:1   | Killed a greater mummy
 76223 | Tomb:1   | Killed a greater mummy
 76364 | Tomb:1   | Noticed a greater mummy
 76370 | Tomb:1   | Killed a greater mummy
 76506 | Tomb:1   | Noticed a greater mummy
 76506 | Tomb:1   | Noticed a greater mummy
 76511 | Tomb:1   | Killed a greater mummy
 76524 | Tomb:1   | Killed a greater mummy
 76542 | Tomb:1   | Noticed a greater mummy
 76552 | Tomb:1   | Killed a greater mummy
 76555 | Tomb:1   | Noticed a greater mummy
 76567 | Tomb:1   | Noticed a greater mummy
 76568 | Tomb:1   | Noticed a greater mummy
 76573 | Tomb:1   | Killed a greater mummy
 76580 | Tomb:1   | Killed a greater mummy
 76584 | Tomb:1   | Killed a greater mummy
 76820 | Tomb:1   | Noticed a greater mummy
 76829 | Tomb:1   | Killed a greater mummy
 76954 | Tomb:1   | Noticed a greater mummy
 76967 | Tomb:1   | Killed a greater mummy
 77300 | Tomb:3   | Entered Level 3 of the Tomb of the Ancients
 77311 | Tomb:3   | Noticed a greater mummy
 77312 | Tomb:3   | Noticed a greater mummy
 77312 | Tomb:3   | Noticed a greater mummy
 77314 | Tomb:3   | Noticed a greater mummy
 77326 | Tomb:3   | Killed a greater mummy
 77330 | Tomb:3   | Killed a greater mummy
 77332 | Tomb:3   | Killed a greater mummy
 77347 | Tomb:3   | Killed a greater mummy
 77451 | Tomb:3   | Noticed a greater mummy
 77452 | Tomb:3   | Noticed a greater mummy
 77452 | Tomb:3   | Noticed a greater mummy
 77453 | Tomb:3   | Noticed a greater mummy
 77460 | Tomb:3   | Killed a greater mummy
 77464 | Tomb:3   | Killed a greater mummy
 77464 | Tomb:3   | Killed a greater mummy
 77470 | Tomb:3   | Noticed a greater mummy
 77478 | Tomb:3   | Killed a greater mummy
 77480 | Tomb:3   | Killed a greater mummy
 77811 | Tomb:3   | Identified the ring "Ublix" {rF+ rN+ MP+9 Dex+2 Stlth+}
                  | (You found it on level 3 of the Tomb of the Ancients)
 77885 | Tomb:3   | Found the +1 cloak of Starlight {rElec rC+ EV+4 Stlth--}
 77899 | Tomb:3   | Identified the ring of Omno {rF+ Int+5} (You found it on
                  | level 3 of the Tomb of the Ancients)
 77939 | Tomb:3   | Identified the amulet of Suspected Treachery {RegenMP
                  | rPois} (You found it on level 3 of the Tomb of the
                  | Ancients)
 77944 | Tomb:3   | Identified Jouschez's Grimoire of Snow and the Volcanoes
 77948 | Tomb:3   | Identified the Papyrus of Glacial Flames
 77951 | Tomb:3   | Identified the Collected Works on Unstable Envenoming
 77953 | Tomb:3   | Identified the Volume of Confrontation
 78027 | Tomb:3   | Got a golden rune of Zot
 78663 | Pan      | Entered Pandemonium
 78675 | Pan      | Found an exit through the horrors of the Abyss.
 78950 | Pan      | Noticed Vidghittat the pandemonium lord
 78965 | Pan      | Killed Vidghittat the pandemonium lord
 78977 | Pan      | Got a demonic rune of Zot
 79293 | Pan      | Noticed Aczaxot the pandemonium lord
 79297 | Pan      | Killed Aczaxot the pandemonium lord
 79432 | Pan      | Noticed Qownag the pandemonium lord
 79438 | Pan      | Killed Qownag the pandemonium lord
 79474 | Pan      | Noticed Qiff the pandemonium lord
 79483 | Pan      | Killed Qiff the pandemonium lord
 79539 | Depths:3 | Escaped Pandemonium
 79790 | Zot:5    | Got the Orb of Zot
 80529 | D:5      | Noticed Nabug the pandemonium lord
 80538 | D:5      | Killed Nabug the pandemonium lord
 80651 | D:$      | Escaped with the Orb!

Levels and vault maps discovered:
D:1:      lemuel_arrival_funnel, layout_rooms
D:2:      layout_basic, first_ration, grunt_decor_fettered, solitary_fountain,
          minmay_circle_x
D:3:      layout_rooms, marbit_many_paths, minmay_overflow_temple_hex
D:4:      layout_loops_corners, serial_shops, kennysheep_little_box,
          nicolae_shop_crystal, abandoned_shop, uniq_natasha
D:5:      layout_basic, minmay_temple_entry_drinking_statues,
          portal_sewer_entry_f
D:6:      layout_basic, uniq_blork_the_orc
D:7:      layout_rooms, grunt_temple_overflow_gold_and_silver,
          hangedman_misty_isle
D:8:      layout_basic, blue_anna_alchemist [blue_anna_fruit_fields,
          blue_anna_fruit_fields], hangedman_minor_gate_pass
D:9:      layout_roguey, erik_lair_island, uniq_harold, uniq_maurice
D:10:     minmay_goldmine, layout_irregular_city, uniq_grum
D:11:     layout_gridville, biasface_ghost_orc_armoury, serial_glass,
          glass_columns_b, glass_columns_a, due_unseen_surprise, feat_on_display
D:12:     layout_roguey, orc_0_dummy, uniq_azrael
D:13:     layout_loops_ring, minivault_5, uniq_snorg, uniq_urug
D:14:     layout_rooms, grunt_vaults_entry_fortified, serial_park_square1
          [serial_park_minivault_5x5_3], enter_trove_3
D:15:     hangedman_depths_entry_civil_slaughter, layout_rooms, minivault_5
Temple:   cyrus_circular_temple
Lair:1:   beast_lair_carwin_large_2, layout_cellular_growth, basic_altar,
          nicolae_quartered_pool_little
Lair:2:   minmay_guarded_unrand_snakebite, layout_long_grid, shoals_dummy_entry,
          minmay_snake_entry_six_corridors, beast_lair_carwin_7,
          minmay_lair_oklob_chamber
Lair:3:   cheibrodos_magma_flow, layout_cave_pods, lemuel_fruit_fields,
          infiniplex_staircase_pool_2, uniq_rupert
Lair:4:   layout_roguey, lemuel_fruit_fields, lemuel_fruit_fields
Lair:5:   layout_gridlike, minmay_slime_entry_pillars, special_room
          [special_room_bee], st_stairs_5
Lair:6:   minmay_lair_end_frog_pond, layout_regular_city,
          small_statue_intersection, st_stairs_6, serial_bayou_pond_c,
          chequers_serial_rivers_micro_b
Shoals:1: layout_shoals, hangedman_shoal_volcano
Shoals:2: gammafunk_the_bubble [the_bubble_gammafunk_roulette], layout_shoals,
          uniq_polyphemus
Shoals:3: layout_shoals
Shoals:4: shoals_end_grunt_ice, layout_shoals, minmay_shop_mayhem
Snake:1:  layout_rooms, grunt_ministairs_3, uniq_aizul
Snake:2:  layout_rooms, serial_shops, nicolae_shop_behind_doors,
          hangedman_snake_corridor_cut, uniq_agnes
Snake:3:  onia_ninara_swampy_vault, layout_chambers
Snake:4:  grunt_snake_rune_pools, layout_cave_town, uniq_kirke
Slime:1:  layout_caves
Slime:2:  layout_caves
Slime:3:  layout_caves, basic_altar
Slime:4:  layout_caves
Slime:5
Orc:1:    layout_caves, enter_bailey_3, basic_altar, serial_shops, shop_statue,
          shop, shop_fountains, nicolae_shop_crystal, uniq_erica
Orc:2:    st_orc_elflike, layout_caves, serial_shops, nicolae_shop_crystal,
          lightli_church_of_beogh
Elf:1:    eino_elf_arrival_sip, layout_loops_ring, serial_shops, shop_statue,
          minmay_elf_demonology, uniq_louise
Elf:2:    layout_geoelf_diagonals, minmay_shoptagon
Elf:3:    grunt_elf_hall_asides, layout_geoelf_castle
Vaults:1: vaults_room_door_ring, hangedman_vaults_impose, grunt_vaults_swirl,
          nicolae_vaults_twisting_passages, nicolae_vaults_specimen_jars,
          nicolae_vaults_mini_display_case, vaults_mumra_lcd,
          ontoclasm_vaults_ligature, ontoclasm_vaults_decontamination,
          layout_vaults_omnicross, serial_shops, shop, uniq_nikola
Vaults:2: minmay_crypt_entry_simple_statues, v_misc_29,
          ontoclasm_vaults_ring_square, v_rooms_1, v_misc_32, v_misc_1,
          vaults_standard_mumra_enter_the_diamond, ontoclasm_vaults_shuriken,
          layout_vaults_ring
Vaults:3: dpeg_vaults_monster_box, nicolae_vaults_stairing_the_circle, v_misc_8,
          vaults_dpeg_ring, vaults_room_large_hall, nicolae_vaults_rhombus_7,
          hangedman_vaults_nails, vaults_dpeg_hooks,
          nicolae_vaults_border_crossing, ontoclasm_vaults_tryst,
          layout_vaults_quadrants, uniq_asterion
Vaults:4: nicolae_vaults_octagons, v_misc_33, hangedman_vaults_nodes, v_rooms_2,
          ontoclasm_vaults_spin, grunt_vaults_trifunnel,
          nicolae_vaults_network_quinsquares
          [nicolae_vaults_network_quincunx_subvault,
          nicolae_vaults_network_quincunx_subvault,
          nicolae_vaults_network_quincunx_subvault,
          nicolae_vaults_network_quincunx_subvault], nicolae_vaults_theta,
          ontoclasm_vaults_misaligned, v_misc_22, grunt_vaults_diagonal,
          vaults_room_stairs_pillars, grunt_vaults_hallway_short,
          vaults_room_pool, v_misc_14, layout_vaults_maze_snakey
Vaults:5
Crypt:1:  layout_rooms, ebering_ghost_rock_garden
Crypt:2:  lemuel_vampire_tower, layout_chaotic_city,
          lemuel_mausoleum_altar_kikubaaqudgha
Crypt:3:  lightli_unholy_cathedral, layout_chaotic_city,
          nicolae_tomb_entry_rubble_hallway
Tomb:1
Tomb:2:   uniq_mennas
Tomb:3:   uniq_jory
Depths:1: layout_cave_shapes, hell_entry, ebering_dispersal_statue_hall,
          serial_rivers, chequers_serial_rivers_room_a,
          chequers_serial_rivers_room_b, chequers_serial_rivers_room_b,
          chequers_serial_rivers_micro_c, chequers_serial_rivers_large_a,
          lemuel_flame_loot_1
Depths:2: hangedman_hanging_gardens, layout_basic, mu_enter_wizlab_4,
          serial_shops, bzr_entry_gold, nicolae_shop_statue_plus,
          nicolae_shop_stone, chequers_serial_rivers_marsh,
          pf_vacation_house_of_asmodeus, cheibriados_altar_1
Depths:3: evilmike_library_of_no_secrets, layout_basic, pan_entry, hell_entry,
          hangedman_abyss_or_decor_slice, nrook_pool_corridor,
          evilmike_ruin_ashenzari, uniq_margery
Depths:4: minmay_the_grid_triangle_9x9_recursive_3
          [minmay_the_grid_triangle_9x9_steps,
          minmay_the_grid_triangle_9x9_cache,
          minmay_the_grid_triangle_9x9_zippers_vertical,
          minmay_the_grid_triangle_9x9_prize_special,
          minmay_the_grid_triangle_9x9_pentomino_pain,
          minmay_the_grid_triangle_9x9_shrine,
          minmay_the_grid_triangle_9x9_longest,
          minmay_the_grid_triangle_9x9_intruding_spiral,
          minmay_the_grid_triangle_9x9_descending_squares], layout_cave_pools,
          enter_ziggurat_d, minmay_misc_feat_chi,
          nicolae_abyss_entry_one_way_or_another, hell_entry,
          guppyfry_shop_venom, infiniplex_staircase_door_maze, uniq_xtahua
Depths:5: grunt_x_marks_the_spot, layout_cave_pools, hell_entry,
          chequers_serial_rivers_small_b, abyss_entry_flame_altar, pan_entry,
          minmay_liquid_box, uniq_frederick
Hell
Dis:1:    layout_jigsaw
Dis:2:    layout_chaotic_city, nicolae_dis_strange_trophy_room
Dis:3:    layout_regular_city
Dis:4:    layout_regular_city
Dis:5:    layout_gridville
Dis:6:    layout_chaotic_city
Dis:7:    dis_hangedman
Geh:1:    layout_gehenna_pools_basic
Geh:2:    layout_gehenna_pools_basic, lemuel_hellion_isle
Geh:3:    layout_gehenna_lava_caves
Geh:4:    layout_gehenna_lava_caves
Geh:5:    layout_gehenna_lava_caves
Geh:6:    layout_gehenna_pools_box, lemuel_flamethrower_2, grunt_megastairs_3
Geh:7:    geh_grunt_pentagon
Coc:1:    layout_ice_bergs
Coc:2:    layout_cocytus_water_paths
Coc:3:    layout_ice_bergs
Coc:4:    layout_ice_bergs
Coc:5:    layout_ice_bergs
Coc:6:    layout_ice_bergs
Coc:7:    coc_mu
Tar:1:    layout_cathedral_of_symmetry
Tar:2:    grunt_deathspiral_small, layout_cathedral_of_symmetry,
          nicolae_tar_cuneiform_water, lemuel_nasty_fountain
Tar:3:    layout_grid_maze
Tar:4:    layout_grid_maze
Tar:5:    layout_honeycomb
Tar:6:    layout_grid_maze
Tar:7:    tar_old
Zot:1:    layout_gridlike, st_small_dragon_hoard_3
Zot:2:    layout_cathedral_of_symmetry
Zot:3:    layout_basic
Zot:4:    layout_cellular_growth
Zot:5:    layout_misc_corridors, st_stairs_9

Skill      XL: |  1  2  3  4  5  6  7  8  9 10 11 12 13 14 15 16 17 18 19 20 21 22 23 24 25 26 27 |
---------------+----------------------------------------------------------------------------------+-----
Axes           | 5 6 8 9 12 13 15 16 17 20 22 27 | 27.0
Invocations    | 2 5 8 11 22 | 22.6
Evocations     | 3 4 6 |  6.0
Fighting       | 7 10 12 15 17 21 22 27 | 27.0
Armour         | 8 10 11 12 15 16 18 19 20 27 | 27.0
Shields        | 5 24 | 24.8
Dodging        | 5 8 15 18 20 27 | 27.0
Maces & Flails | 4 |  4.2
Throwing       | 3 12 13 15 27 | 27.0
Translocations | 7 |  7.2
Spellcasting   | 11 | 11.3
Charms         | 6 |  6.6

Action                   |  1- 3 |  4- 6 |  7- 9 | 10-12 | 13-15 | 16-18 | 19-21 | 22-24 | 25-27 || total
-------------------------+-------+-------+-------+-------+-------+-------+-------+-------+-------++-------
Melee: War axe           |    52 |   207 |   537 |   861 |  1470 |  1744 |  2132 |  1027 |  1872 ||  9902
       Whip              |       |       |       |       |   244 |     9 |       |       |       ||   253
       Scimitar          |       |       |       |       |     8 |       |       |       |       ||     8
       Unarmed           |       |       |       |       |       |    13 |       |       |       ||    13
       Broad axe         |       |       |       |       |       |       |       |       |  3651 ||  3651
Throw: Boomerang         |       |       |    15 |    37 |    55 |     9 |    19 |     6 |    96 ||   237
       Javelin           |       |       |       |       |       |       |       |    25 |   597 ||   622
 Cast: Song of Slaying   |       |       |       |       |       |       |       |       |    12 ||    12
       Blink             |       |       |       |       |       |       |       |       |     4 ||     4
Invok: Heroism           |       |       |     9 |    30 |    53 |    41 |    27 |    11 |    22 ||   193
       Finesse           |       |       |       |     1 |       |     3 |     3 |     6 |     2 ||    15
       Cleansing Flame   |       |       |       |       |       |       |       |       |    47 ||    47
       Summon Divine War |       |       |       |       |       |       |       |       |     4 ||     4
       Brand Weapon With |       |       |       |       |       |       |       |       |     1 ||     1
 Abil: Evoke Berserk Rag |       |       |       |     5 |     8 |     5 |       |       |       ||    18
Evoke: Wand              |       |       |     4 |    13 |     7 |     5 |     4 |     3 |    11 ||    47
       Phantom mirror    |       |       |       |       |     1 |       |       |       |       ||     1
  Use: Potion            |     1 |       |       |       |     1 |     4 |     1 |     8 |    24 ||    39
       Scroll            |       |       |     1 |    15 |    14 |    10 |     2 |    17 |    46 ||   105
 Stab: Petrified         |       |       |       |       |       |    19 |       |       |       ||    19
       Petrifying        |       |       |       |       |       |     4 |       |       |       ||     4
       Sleeping          |       |       |       |       |       |       |     1 |       |       ||     1
       Distracted        |       |       |       |       |       |       |     2 |       |       ||     2
  Eat: Chunk             |       |     6 |    16 |    18 |    25 |    13 |    12 |     3 |    19 ||   112
       Ration            |       |       |       |     4 |     6 |     7 |     9 |     4 |    36 ||    66
Armor: Scale mail        |    11 |       |       |       |       |       |       |       |       ||    11
       Chain mail        |     5 |   119 |   266 |   149 |   376 |   248 |       |       |       ||  1163
       Troll leather arm |       |       |       |    77 |     9 |       |    27 |   115 |       ||   228
       Plate armour      |       |       |       |       |    39 |       |       |       |       ||    39
       Swamp dragon scal |       |       |       |       |       |   152 |   270 |       |       ||   422
       Crystal plate arm |       |       |       |       |       |       |       |   183 |  1838 ||  2021
Dodge: Dodged            |    17 |    25 |    95 |   244 |   590 |   688 |  1163 |   875 |  4443 ||  8140
Block: Kite shield       |    23 |   102 |   207 |   365 |   779 |       |       |       |       ||  1476
       Buckler           |       |       |       |       |   146 |   971 |  1036 |   749 |  2829 ||  5731
       Rpst.: War axe    |       |       |       |       |   136 |   128 |   202 |   130 |   206 ||   802
       Whip              |       |       |       |       |    16 |       |       |       |       ||    16
       Scimitar          |       |       |       |       |     5 |       |       |       |       ||     5
       Broad axe         |       |       |       |       |       |       |       |       |   584 ||   584

Table legend:
 A = Non-vault XP
 B = Vault XP
 C = Vault XP percentage of total XP
 D = Non-vault monster count
 E = Vault monster count
 F = Vault count percentage of total count
                 A         B        C        D         E       F
            +---------+---------+-------+---------+---------+-------
      Total | 1908831 | 1864351 |  49.4 |    3176 |    1769 |  35.8
            +---------+---------+-------+---------+---------+-------
        D:1 |      11 |       0 |   0.0 |      10 |       0 |   0.0
        D:2 |     229 |      13 |   5.4 |      30 |       7 |  18.9
        D:3 |     213 |      18 |   7.8 |      33 |       1 |   2.9
        D:4 |     519 |      35 |   6.3 |      15 |       1 |   6.2
        D:5 |     871 |      12 |   1.4 |      20 |       5 |  20.0
        D:6 |    1119 |      94 |   7.7 |      36 |       1 |   2.7
        D:7 |     915 |     878 |  49.0 |      26 |       6 |  18.8
        D:8 |    2509 |     632 |  20.1 |      42 |      10 |  19.2
        D:9 |    2133 |    2199 |  50.8 |      30 |       9 |  23.1
       D:10 |    2938 |     833 |  22.1 |      36 |      16 |  30.8
       D:11 |    3302 |    1768 |  34.9 |      26 |      13 |  33.3
       D:12 |    6677 |    2102 |  23.9 |      31 |       6 |  16.2
       D:13 |    6824 |    1942 |  22.2 |      32 |       2 |   5.9
       D:14 |    9716 |    7999 |  45.2 |      42 |      14 |  25.0
       D:15 |    7737 |    5327 |  40.8 |      20 |       6 |  23.1
     Lair:1 |    2372 |    1334 |  36.0 |      11 |       7 |  38.9
     Lair:2 |    5685 |    4826 |  45.9 |      28 |      34 |  54.8
     Lair:3 |    2983 |    4007 |  57.3 |      13 |       8 |  38.1
     Lair:4 |    7488 |     356 |   4.5 |      22 |       2 |   8.3
     Lair:5 |    6041 |    2421 |  28.6 |      15 |      19 |  55.9
     Lair:6 |   13033 |   12593 |  49.1 |      43 |      47 |  52.2
   Shoals:1 |    9013 |    3000 |  25.0 |      19 |       7 |  26.9
   Shoals:2 |   19489 |   15015 |  43.5 |      40 |      23 |  36.5
   Shoals:3 |    9060 |       0 |   0.0 |      15 |       0 |   0.0
   Shoals:4 |   15753 |   17780 |  53.0 |      36 |      29 |  44.6
    Snake:1 |   13975 |    2993 |  17.6 |      26 |       4 |  13.3
    Snake:2 |   11947 |    6230 |  34.3 |      24 |      16 |  40.0
    Snake:3 |   23933 |    3940 |  14.1 |      43 |      12 |  21.8
    Snake:4 |    9327 |   46512 |  83.3 |      16 |      65 |  80.2
    Slime:1 |    9630 |       0 |   0.0 |      19 |       0 |   0.0
    Slime:2 |    7750 |       0 |   0.0 |      18 |       0 |   0.0
    Slime:3 |   19076 |       0 |   0.0 |      25 |       0 |   0.0
    Slime:4 |   19428 |    2478 |  11.3 |      32 |       1 |   3.0
    Slime:5 |   19200 |   30421 |  61.3 |      23 |      12 |  34.3
      Orc:1 |    4178 |     915 |  18.0 |      40 |       5 |  11.1
      Orc:2 |    2159 |    9884 |  82.1 |      23 |      35 |  60.3
      Elf:1 |   10059 |    5279 |  34.4 |      18 |      12 |  40.0
      Elf:2 |    7341 |   24341 |  76.8 |       9 |      30 |  76.9
      Elf:3 |   15836 |   38260 |  70.7 |      29 |      30 |  50.8
   Vaults:1 |   18388 |   11435 |  38.3 |      32 |      12 |  27.3
   Vaults:2 |   33159 |   22210 |  40.1 |      52 |      35 |  40.2
   Vaults:3 |   19410 |   21498 |  52.6 |      37 |      21 |  36.2
   Vaults:4 |   24113 |   30506 |  55.9 |      39 |      46 |  54.1
   Vaults:5 |   66418 |  112955 |  63.0 |      70 |      90 |  56.2
    Crypt:1 |   12892 |    3999 |  23.7 |      22 |       1 |   4.3
    Crypt:2 |   29024 |   30164 |  51.0 |      41 |      60 |  59.4
    Crypt:3 |   49303 |   43387 |  46.8 |      55 |      34 |  38.2
     Tomb:1 |   17782 |  124105 |  87.5 |      33 |      53 |  61.6
     Tomb:2 |    7571 |   50997 |  87.1 |      19 |      41 |  68.3
     Tomb:3 |   28953 |   88759 |  75.4 |      61 |      74 |  54.8
   Depths:1 |   37206 |       0 |   0.0 |      58 |       0 |   0.0
   Depths:2 |   36244 |   25245 |  41.1 |      52 |      23 |  30.7
   Depths:3 |    5615 |   37373 |  86.9 |       8 |      25 |  75.8
   Depths:4 |   20734 |   46606 |  69.2 |      23 |      24 |  51.1
   Depths:5 |   52440 |   31511 |  37.5 |      42 |      17 |  28.8
       Hell |    4616 |   29188 |  86.3 |       9 |      43 |  82.7
      Dis:1 |    3622 |       0 |   0.0 |      10 |       0 |   0.0
      Dis:3 |   13902 |       0 |   0.0 |      27 |       0 |   0.0
      Dis:4 |   18248 |       0 |   0.0 |      29 |       0 |   0.0
      Dis:5 |   11965 |       0 |   0.0 |      15 |       0 |   0.0
      Dis:6 |    5166 |       0 |   0.0 |       9 |       0 |   0.0
      Dis:7 |   18913 |  137231 |  87.9 |      28 |     107 |  79.3
      Geh:1 |   12085 |       0 |   0.0 |      41 |       0 |   0.0
      Geh:2 |   23745 |       0 |   0.0 |      57 |       0 |   0.0
      Geh:3 |   21915 |       0 |   0.0 |      51 |       0 |   0.0
      Geh:4 |     207 |       0 |   0.0 |       1 |       0 |   0.0
      Geh:5 |    2581 |       0 |   0.0 |       4 |       0 |   0.0
      Geh:6 |   28106 |       0 |   0.0 |      66 |       0 |   0.0
      Geh:7 |   35254 |   53854 |  60.4 |      48 |      39 |  44.8
      Coc:1 |     304 |       0 |   0.0 |       1 |       0 |   0.0
      Coc:2 |   14729 |       0 |   0.0 |      20 |       0 |   0.0
      Coc:3 |    9973 |       0 |   0.0 |      14 |       0 |   0.0
      Coc:4 |   13749 |       0 |   0.0 |      28 |       0 |   0.0
      Coc:5 |    4817 |       0 |   0.0 |       3 |       0 |   0.0
      Coc:6 |   43576 |       0 |   0.0 |      55 |       0 |   0.0
      Coc:7 |  135578 |   76447 |  36.1 |     132 |      93 |  41.3
      Tar:1 |    6389 |       0 |   0.0 |      12 |       0 |   0.0
      Tar:2 |    5801 |   17241 |  74.8 |      10 |      24 |  70.6
      Tar:3 |    8412 |       0 |   0.0 |      16 |       0 |   0.0
      Tar:4 |    6805 |       0 |   0.0 |      14 |       0 |   0.0
      Tar:5 |   13493 |       0 |   0.0 |      17 |       0 |   0.0
      Tar:6 |   29766 |       0 |   0.0 |      34 |       0 |   0.0
      Tar:7 |   51098 |  108550 |  68.0 |      79 |      78 |  49.7
      Zot:1 |   75805 |   14884 |  16.4 |      45 |       6 |  11.8
      Zot:2 |   28914 |       0 |   0.0 |      23 |       0 |   0.0
      Zot:3 |   47755 |       0 |   0.0 |      28 |       0 |   0.0
      Zot:4 |   18074 |       0 |   0.0 |      11 |       0 |   0.0
      Zot:5 |   45072 |  173253 |  79.4 |      23 |      46 |  66.7
    Abyss:2 |   57843 |       0 |   0.0 |     119 |       0 |   0.0
    Abyss:3 |   16456 |   18027 |  52.3 |      20 |      18 |  47.4
    Abyss:4 |   21929 |       0 |   0.0 |      38 |       0 |   0.0
    Abyss:5 |   20238 |    1838 |   8.3 |      53 |       3 |   5.4
        Pan |  262209 |  292063 |  52.7 |     326 |     168 |  34.0
      Sewer |       0 |     379 | 100.0 |       0 |      48 | 100.0
     Bailey |       0 |    3009 | 100.0 |       0 |      44 | 100.0
     WizLab |       0 |    1200 | 100.0 |       0 |       1 | 100.0
            +---------+---------+-------+---------+---------+-------
